Workbook
Name Allocators: #REF!
Name COS_RES_CUSTOMERS: #REF!
Name COS_RES_KWH: #REF!
Name EBNUMBER: #REF!
Name forecast_wholesale_lineplus: #REF!
Name forecast_wholesale_network: #REF!
Name G1LD: #REF!
Name LDCList: OFFSET(#REF!,0,0,COUNTA(#REF!),1)
Name LDCNAME1: #REF!
Name listdata: #REF!
Name Newmarket_SA: #REF!
Name Rate_Riders: #REF!
Name RateRiderName: OFFSET(#REF!,1,0,COUNTA(#REF!)-1,1)
Name Shirley: #REF!
Name Total_Current_Wholesale_Lineplus: #REF!
Name total_current_wholesale_network: #REF!
Name Units: #REF!
Name UOM: #REF!
Name YRS_LEFT: #REF!

Sheet RESIDENTIAL
N1: 2 | O1: 0 | V1: 2 | W1: 5 | AC1: 2 | AD1: 5 | AJ1: 2 | AK1: 5
B10: Appendix 2-W
B11: Bill Impacts
B14: Customer Class: | D14: RESIDENTIAL SERVICE
B16: TOU / non-TOU: | D16: TOU
D18: Consumption | G18: 750 | H18: kWh
G20: 2026 OEB-Approved | K20: 2027 Proposed | O20: Impact
D21: Charge Unit | G21: Rate | H21: Volume | I21: Charge | K21: Rate | L21: Volume | M21: Charge | O21: $ Change | P21: % Change
G22: ($) | I22: ($) | K22: ($) | M22: ($)
B23: Service Charge | D23: per 30 days | G23: 51.18 | H23: 1 | I23: =H23*G23 -> 51.18 | K23: 53 | L23: 1 | M23: =L23*K23 -> 53 | O23: =M23-I23 -> 1.82 | P23: =IF(OR(I23=0,M23=0),"",(O23/I23)) -> 0.035560766
B24: Rate Rider for Disposition of Wireline Pole Attachment Revenue - effective until December 31, 2029 | D24: per 30 days | G24: 0.04 | H24: 1 | I24: =H24*G24 -> 0.04 | K24: 0.04 | L24: 1 | M24: =L24*K24 -> 0.04 | O24: =M24-I24 -> 0 | P24: =IF(OR(I24=0,M24=0),"",(O24/I24)) -> 0
B25: Rate Rider for Disposition of Externally Driven Capital Variance Account - effective until December 31, 2029 | D25: per 30 days | G25: 0 | H25: 1 | I25: =H25*G25 -> 0 | K25: 0.16 | L25: 1 | M25: =L25*K25 -> 0.16 | O25: =M25-I25 -> 0.16 | P25: =IF(OR(I25=0,M25=0),"",(O25/I25))
B26: Rate Rider for Disposition of Wireless Pole Attachment Revenue - effective until December 31, 2029 | D26: per 30 days | G26: -0.03 | H26: 1 | I26: =H26*G26 -> -0.03 | K26: -0.03 | L26: 1 | M26: =L26*K26 -> -0.03 | O26: =M26-I26 -> 0 | P26: =IF(OR(I26=0,M26=0),"",(O26/I26)) -> 0
B27: Rate Rider for Disposition of Change in Useful Life of Asset (2025) - effective until December 31, 2026 | D27: per 30 days | G27: -1.41 | H27: 1 | I27: =H27*G27 -> -1.41 | K27: 0 | L27: 1 | M27: =L27*K27 -> 0 | O27: =M27-I27 -> 1.41 | P27: =IF(OR(I27=0,M27=0),"",(O27/I27))
B28: Rate Rider for Disposition of Change in Useful Life of Assets (2025) - effective until December 31, 2028 | D28: per 30 days | G28: -0.34 | H28: 1 | I28: =H28*G28 -> -0.34 | K28: -0.34 | L28: 1 | M28: =L28*K28 -> -0.34 | O28: =M28-I28 -> 0 | P28: =IF(OR(I28=0,M28=0),"",(O28/I28)) -> 0
B29: Rate Rider for Disposition of Change in Useful Life of Assets (2026) - effective until December 31, 2028 | D29: per 30 days | G29: -0.99 | H29: 1 | I29: =H29*G29 -> -0.99 | K29: -0.99 | L29: 1 | M29: =L29*K29 -> -0.99 | O29: =M29-I29 -> 0 | P29: =IF(OR(I29=0,M29=0),"",(O29/I29)) -> 0
B30: Rate Rider for Disposition of Revenue Variance Account (2025) - effective until December 31, 2027 - Interim | D30: per 30 days | G30: 0 | H30: 1 | I30: =H30*G30 -> 0 | K30: -1.1 | L30: 1 | M30: =L30*K30 -> -1.1 | O30: =M30-I30 -> -1.1 | P30: =IF(OR(I30=0,M30=0),"",(O30/I30))
B31: Sub-Total A (excluding pass through) | I31: =SUM(I23:I30) -> 48.45 | M31: =SUM(M23:M30) -> 50.74 | O31: =M31-I31 -> 2.29 | P31: =IF(OR(I31=0,M31=0),"",(O31/I31)) -> 0.047265222
B32: Line Losses on Cost of Power | D32: per kWh | G32: =IF(ISBLANK($D16)=TRUE, 0, IF($D16="TOU", $D$270*G45+$D$271*G46+$D$272*G47, IF(AND($D16="non-TOU", H49>0), G49,G48))) -> 0.12752 | H32: =$G$18*(1+G59)-$G$18 -> 22.125 | I32: =H32*G32 -> 2.82138 | K32: =IF(ISBLANK($D16)=TRUE, 0, IF($D16="TOU", $D$270*K45+$D$271*K46+$D$272*K47, IF(AND($D16="non-TOU", L49>0), K49,K48))) -> 0.12752 | L32: =$G$18*(1+K59)-$G$18 -> 22.125 | M32: =L32*K32 -> 2.82138 | O32: =M32-I32 -> 0 | P32: =IF(OR(I32=0,M32=0),"",(O32/I32)) -> 0
B33: Rate Rider for Disposition of Deferral/Variance Accounts - effective until December 31, 2027 | D33: per kWh | G33: 0.00112 | H33: =+$G$18 -> 750 | I33: =H33*G33 -> 0.84 | K33: -0.00107 | L33: =+$G$18 -> 750 | M33: =L33*K33 -> -0.8025 | O33: =M33-I33 -> -1.6425 | P33: =IF(OR(I33=0,M33=0),"",(O33/I33)) -> -1.9553571
B34: Rate Rider for Disposition of Capacity Based Recovery Account - Applicable only for Class B Customers - effective until December 31, 2027 | D34: per kWh | G34: 0.00048 | H34: =+$G$18 -> 750 | I34: =H34*G34 -> 0.36 | K34: 0.00052 | L34: =+$G$18 -> 750 | M34: =L34*K34 -> 0.39 | O34: =M34-I34 -> 0.03 | P34: =IF(OR(I34=0,M34=0),"",(O34/I34)) -> 0.083333333
B35: Rate Rider for Disposition of Global Adjustment Account - Applicable only for Non-RPP Customers - effective until December 31, 2027 | D35: per kWh | G35: 0.00508 | I35: =H35*G35 -> 0 | K35: -0.00595 | M35: =L35*K35 -> 0 | O35: =M35-I35 -> 0 | P35: =IF(OR(I35=0,M35=0),"",(O35/I35))
B36: Rate Rider for Smart Metering Entity Charge - effective until December 31, 2029 | D36: per 30 days | G36: 0.41 | H36: 1 | I36: =H36*G36 -> 0.41 | K36: 0.41 | L36: 1 | M36: =L36*K36 -> 0.41 | O36: =M36-I36 -> 0 | P36: =IF(OR(I36=0,M36=0),"",(O36/I36)) -> 0
B37: Sub-Total B - Distribution (includes Sub-Total A) | I37: =SUM(I32:I36)+I31 -> 52.88138 | M37: =SUM(M32:M36)+M31 -> 53.55888 | O37: =M37-I37 -> 0.6775 | P37: =IF(OR(I37=0,M37=0),"",(O37/I37)) -> 0.012811693
B38: Retail Transmission Rate - Network Service Rate | D38: per kWh | G38: 0.01346 | H38: =$G$18*(1+G59) -> 772.125 | I38: =H38*G38 -> 10.392803 | K38: 0.01371 | L38: =$G$18*(1+K59) -> 772.125 | M38: =L38*K38 -> 10.585834 | O38: =M38-I38 -> 0.19303125 | P38: =IF(OR(I38=0,M38=0),"",(O38/I38)) -> 0.018573551
B39: Retail Transmission Rate - Line and Transformation Connection Service Rate | D39: per kWh | G39: 0.00895 | H39: =+H38 -> 772.125 | I39: =H39*G39 -> 6.9105188 | K39: 0.00908 | L39: =+L38 -> 772.125 | M39: =L39*K39 -> 7.010895 | O39: =M39-I39 -> 0.10037625 | P39: =IF(OR(I39=0,M39=0),"",(O39/I39)) -> 0.01452514
B40: Sub-Total C - Delivery (including Sub-Total B) | I40: =SUM(I37:I39) -> 70.184701 | M40: =SUM(M37:M39) -> 71.155609 | O40: =M40-I40 -> 0.9709075 | P40: =IF(OR(I40=0,M40=0),"",(O40/I40)) -> 0.013833606
B41: Wholesale Market Service Rate - not including CBR | D41: per kWh | G41: 0.0041 | H41: =+H38 -> 772.125 | I41: =H41*G41 -> 3.1657125 | K41: 0.0041 | L41: =+L38 -> 772.125 | M41: =L41*K41 -> 3.1657125 | O41: =M41-I41 -> 0 | P41: =IF(OR(I41=0,M41=0),"",(O41/I41)) -> 0
B42: Rural and Remote Rate Protection Charge (RRRP) | D42: per kWh | G42: 0.0006 | H42: =+H38 -> 772.125 | I42: =H42*G42 -> 0.463275 | K42: 0.0006 | L42: =+L38 -> 772.125 | M42: =L42*K42 -> 0.463275 | O42: =M42-I42 -> 0 | P42: =IF(OR(I42=0,M42=0),"",(O42/I42)) -> 0
B43: Capacity Based Recovery (CBR) - Applicable for Class B Customers | D43: per kWh | G43: 0.0006 | H43: =+H38 -> 772.125 | I43: =H43*G43 -> 0.463275 | K43: 0.0006 | L43: =+L38 -> 772.125 | M43: =L43*K43 -> 0.463275 | O43: =M43-I43 -> 0 | P43: =IF(OR(I43=0,M43=0),"",(O43/I43)) -> 0
B44: Standard Supply Service - Administrative Charge (if applicable) | D44: per 30 days | G44: 0.25 | H44: 1 | I44: =H44*G44 -> 0.25 | K44: 0.25 | L44: 1 | M44: =L44*K44 -> 0.25 | O44: =M44-I44 -> 0 | P44: =IF(OR(I44=0,M44=0),"",(O44/I44)) -> 0
B45: TOU - Off Peak | D45: per kWh | G45: 0.098 | H45: =$D$270*$G$18 -> 480 | I45: =H45*G45 -> 47.04 | K45: 0.098 | L45: =$D$270*$G$18 -> 480 | M45: =L45*K45 -> 47.04 | O45: =M45-I45 -> 0 | P45: =IF(OR(I45=0,M45=0),"",(O45/I45)) -> 0
B46: TOU - Mid Peak | D46: per kWh | G46: 0.157 | H46: =$D$271*$G$18 -> 135 | I46: =H46*G46 -> 21.195 | K46: 0.157 | L46: =$D$271*$G$18 -> 135 | M46: =L46*K46 -> 21.195 | O46: =M46-I46 -> 0 | P46: =IF(OR(I46=0,M46=0),"",(O46/I46)) -> 0
B47: TOU - On Peak | D47: per kWh | G47: 0.203 | H47: =$D$272*$G$18 -> 135 | I47: =H47*G47 -> 27.405 | K47: 0.203 | L47: =$D$272*$G$18 -> 135 | M47: =L47*K47 -> 27.405 | O47: =M47-I47 -> 0 | P47: =IF(OR(I47=0,M47=0),"",(O47/I47)) -> 0
B48: Energy - RPP - Tier 1 | D48: per kWh | G48: 0.12 | H48: 600 | I48: =H48*G48 -> 72 | K48: 0.12 | L48: 600 | M48: =L48*K48 -> 72 | O48: =M48-I48 -> 0 | P48: =IF(OR(I48=0,M48=0),"",(O48/I48)) -> 0
B49: Energy - RPP - Tier 2 | D49: per kWh | G49: 0.142 | H49: 150 | I49: =H49*G49 -> 21.3 | K49: 0.142 | L49: 150 | M49: =L49*K49 -> 21.3 | O49: =M49-I49 -> 0 | P49: =IF(OR(I49=0,M49=0),"",(O49/I49)) -> 0
B50: Non-RPP Retailer Avg. Price | D50: per kWh | G50: 0.1197 | H50: 0 | I50: =H50*G50 -> 0 | K50: 0.1197 | L50: 0 | M50: =L50*K50 -> 0 | O50: =M50-I50 -> 0 | P50: =IF(OR(I50=0,M50=0),"",(O50/I50))
B51: Average IESO Wholesale Market Price | D51: per kWh | G51: =G50 -> 0.1197 | H51: 0 | I51: =H51*G51 -> 0 | K51: =K50 -> 0.1197 | L51: 0 | M51: =L51*K51 -> 0 | O51: =M51-I51 -> 0 | P51: =IF(OR(I51=0,M51=0),"",(O51/I51))
P52: =IF(OR(I52=0,M52=0),"",(O52/I52))
B53: Total Bill on TOU (before Taxes) | I53: =SUM(I41:I47,I40) -> 170.16696 | M53: =SUM(M41:M47,M40) -> 171.13787 | O53: =M53-I53 -> 0.9709075 | P53: =IF(OR(I53=0,M53=0),"",(O53/I53)) -> 0.0057056169
B54: Ontario Electricity Rebate | G54: -0.235 | I54: =+I53*G54 -> -39.989236 | K54: -0.235 | M54: =+M53*K54 -> -40.2174 | O54: =M54-I54 -> -0.22816326 | P54: =IF(OR(I54=0,M54=0),"",(O54/I54)) -> 0.0057056169
B55: HST | G55: 0.13 | I55: =I53*G55 -> 22.121705 | K55: 0.13 | M55: =M53*K55 -> 22.247923 | O55: =M55-I55 -> 0.12621797 | P55: =IF(OR(I55=0,M55=0),"",(O55/I55)) -> 0.0057056169
B56: Total Bill on TOU (after Tax & Rebate) | I56: =SUM(I53:I55) -> 152.29943 | M56: =SUM(M53:M55) -> 153.16839 | O56: =M56-I56 -> 0.86896221 | P56: =IF(OR(I56=0,M56=0),"",(O56/I56)) -> 0.0057056169
B59: Loss Factor (%) | G59: 0.0295 | K59: 0.0295
B61: Appendix 2-W
B62: Bill Impacts
B65: Customer Class: | D65: RESIDENTIAL SERVICE Two Tiered
B67: TOU / non-TOU: | D67: non-TOU
D69: Consumption | G69: 750 | H69: kWh
G71: 2026 OEB-Approved | K71: 2027 Proposed | O71: Impact
D72: Charge Unit | G72: Rate | H72: Volume | I72: Charge | K72: Rate | L72: Volume | M72: Charge | O72: $ Change | P72: % Change
G73: ($) | I73: ($) | K73: ($) | M73: ($)
B74: Service Charge | D74: per 30 days | G74: 51.18 | H74: 1 | I74: =H74*G74 -> 51.18 | K74: 53 | L74: 1 | M74: =L74*K74 -> 53 | O74: =M74-I74 -> 1.82 | P74: =IF(OR(I74=0,M74=0),"",(O74/I74)) -> 0.035560766
B75: Rate Rider for Disposition of Wireline Pole Attachment Revenue - effective until December 31, 2029 | D75: per 30 days | G75: 0.04 | H75: 1 | I75: =H75*G75 -> 0.04 | K75: 0.04 | L75: 1 | M75: =L75*K75 -> 0.04 | O75: =M75-I75 -> 0 | P75: =IF(OR(I75=0,M75=0),"",(O75/I75)) -> 0
B76: Rate Rider for Disposition of Externally Driven Capital Variance Account - effective until December 31, 2029 | D76: per 30 days | G76: 0 | H76: 1 | I76: =H76*G76 -> 0 | K76: 0.16 | L76: 1 | M76: =L76*K76 -> 0.16 | O76: =M76-I76 -> 0.16 | P76: =IF(OR(I76=0,M76=0),"",(O76/I76))
B77: Rate Rider for Disposition of Wireless Pole Attachment Revenue - effective until December 31, 2029 | D77: per 30 days | G77: -0.03 | H77: 1 | I77: =H77*G77 -> -0.03 | K77: -0.03 | L77: 1 | M77: =L77*K77 -> -0.03 | O77: =M77-I77 -> 0 | P77: =IF(OR(I77=0,M77=0),"",(O77/I77)) -> 0
B78: Rate Rider for Disposition of Change in Useful Life of Asset (2025) - effective until December 31, 2026 | D78: per 30 days | G78: -1.41 | H78: 1 | I78: =H78*G78 -> -1.41 | K78: 0 | L78: 1 | M78: =L78*K78 -> 0 | O78: =M78-I78 -> 1.41 | P78: =IF(OR(I78=0,M78=0),"",(O78/I78))
B79: Rate Rider for Disposition of Change in Useful Life of Assets (2025) - effective until December 31, 2028 | D79: per 30 days | G79: -0.34 | H79: 1 | I79: =H79*G79 -> -0.34 | K79: -0.34 | L79: 1 | M79: =L79*K79 -> -0.34 | O79: =M79-I79 -> 0 | P79: =IF(OR(I79=0,M79=0),"",(O79/I79)) -> 0
B80: Rate Rider for Disposition of Change in Useful Life of Assets (2026) - effective until December 31, 2028 | D80: per 30 days | G80: -0.99 | H80: 1 | I80: =H80*G80 -> -0.99 | K80: -0.99 | L80: 1 | M80: =L80*K80 -> -0.99 | O80: =M80-I80 -> 0 | P80: =IF(OR(I80=0,M80=0),"",(O80/I80)) -> 0
B81: Rate Rider for Disposition of Revenue Variance Account (2025) - effective until December 31, 2027 - Interim | D81: per 30 days | G81: 0 | H81: 1 | I81: =H81*G81 -> 0 | K81: -1.1 | L81: 1 | M81: =L81*K81 -> -1.1 | O81: =M81-I81 -> -1.1 | P81: =IF(OR(I81=0,M81=0),"",(O81/I81))
B82: Sub-Total A (excluding pass through) | I82: =SUM(I74:I81) -> 48.45 | M82: =SUM(M74:M81) -> 50.74 | O82: =M82-I82 -> 2.29 | P82: =IF(OR(I82=0,M82=0),"",(O82/I82)) -> 0.047265222
B83: Line Losses on Cost of Power | D83: per kWh | G83: =IF(ISBLANK($D67)=TRUE, 0, IF($D67="TOU", $D$270*G96+$D$271*G97+$D$272*G98, IF(AND($D67="non-TOU", H100>0), G100,G99))) -> 0.142 | H83: =$G$69*(1+G110)-$G$69 -> 22.125 | I83: =H83*G83 -> 3.14175 | K83: =IF(ISBLANK($D67)=TRUE, 0, IF($D67="TOU", $D$270*K96+$D$271*K97+$D$272*K98, IF(AND($D67="non-TOU", L100>0), K100,K99))) -> 0.142 | L83: =$G$69*(1+K110)-$G$69 -> 22.125 | M83: =L83*K83 -> 3.14175 | O83: =M83-I83 -> 0 | P83: =IF(OR(I83=0,M83=0),"",(O83/I83)) -> 0
B84: =B33 -> Rate Rider for Disposition of Deferral/Variance Accounts - effective until December 31, 2027 | D84: per kWh | G84: 0.00112 | H84: =+$G$18 -> 750 | I84: =H84*G84 -> 0.84 | K84: -0.00107 | L84: =+$G$18 -> 750 | M84: =L84*K84 -> -0.8025 | O84: =M84-I84 -> -1.6425 | P84: =IF(OR(I84=0,M84=0),"",(O84/I84)) -> -1.9553571
B85: =B34 -> Rate Rider for Disposition of Capacity Based Recovery Account - Applicable only for Class B Customers - effective until December 31, 2027 | D85: per kWh | G85: 0.00048 | H85: =+$G$18 -> 750 | I85: =H85*G85 -> 0.36 | K85: 0.00052 | L85: =+$G$18 -> 750 | M85: =L85*K85 -> 0.39 | O85: =M85-I85 -> 0.03 | P85: =IF(OR(I85=0,M85=0),"",(O85/I85)) -> 0.083333333
B86: =B35 -> Rate Rider for Disposition of Global Adjustment Account - Applicable only for Non-RPP Customers - effective until December 31, 2027 | D86: per kWh | G86: 0.00508 | I86: =H86*G86 -> 0 | K86: -0.00595 | M86: =L86*K86 -> 0 | O86: =M86-I86 -> 0 | P86: =IF(OR(I86=0,M86=0),"",(O86/I86))
B87: =B36 -> Rate Rider for Smart Metering Entity Charge - effective until December 31, 2029 | D87: per 30 days | G87: 0.41 | H87: 1 | I87: =H87*G87 -> 0.41 | K87: 0.41 | L87: 1 | M87: =L87*K87 -> 0.41 | O87: =M87-I87 -> 0 | P87: =IF(OR(I87=0,M87=0),"",(O87/I87)) -> 0
B88: Sub-Total B - Distribution (includes Sub-Total A) | I88: =SUM(I83:I87)+I82 -> 53.20175 | M88: =SUM(M83:M87)+M82 -> 53.87925 | O88: =M88-I88 -> 0.6775 | P88: =IF(OR(I88=0,M88=0),"",(O88/I88)) -> 0.012734544
B89: Retail Transmission Rate - Network Service Rate | D89: per kWh | G89: 0.01346 | H89: =$G$18*(1+G110) -> 772.125 | I89: =H89*G89 -> 10.392803 | K89: 0.01371 | L89: =$G$18*(1+K110) -> 772.125 | M89: =L89*K89 -> 10.585834 | O89: =M89-I89 -> 0.19303125 | P89: =IF(OR(I89=0,M89=0),"",(O89/I89)) -> 0.018573551
B90: Retail Transmission Rate - Line and Transformation Connection Service Rate | D90: per kWh | G90: 0.00895 | H90: =+H89 -> 772.125 | I90: =H90*G90 -> 6.9105188 | K90: 0.00908 | L90: =+L89 -> 772.125 | M90: =L90*K90 -> 7.010895 | O90: =M90-I90 -> 0.10037625 | P90: =IF(OR(I90=0,M90=0),"",(O90/I90)) -> 0.01452514
B91: Sub-Total C - Delivery (including Sub-Total B) | I91: =SUM(I88:I90) -> 70.505071 | M91: =SUM(M88:M90) -> 71.475979 | O91: =M91-I91 -> 0.9709075 | P91: =IF(OR(I91=0,M91=0),"",(O91/I91)) -> 0.013770747
B92: Wholesale Market Service Rate - not including CBR | D92: per kWh | G92: 0.0041 | H92: =+H89 -> 772.125 | I92: =H92*G92 -> 3.1657125 | K92: 0.0041 | L92: =+L89 -> 772.125 | M92: =L92*K92 -> 3.1657125 | O92: =M92-I92 -> 0 | P92: =IF(OR(I92=0,M92=0),"",(O92/I92)) -> 0
B93: Rural and Remote Rate Protection Charge (RRRP) | D93: per kWh | G93: 0.0006 | H93: =+H89 -> 772.125 | I93: =H93*G93 -> 0.463275 | K93: 0.0006 | L93: =+L89 -> 772.125 | M93: =L93*K93 -> 0.463275 | O93: =M93-I93 -> 0 | P93: =IF(OR(I93=0,M93=0),"",(O93/I93)) -> 0
B94: Capacity Based Recovery (CBR) - Applicable for Class B Customers | D94: per kWh | G94: 0.0006 | H94: =+H89 -> 772.125 | I94: =H94*G94 -> 0.463275 | K94: 0.0006 | L94: =+L89 -> 772.125 | M94: =L94*K94 -> 0.463275 | O94: =M94-I94 -> 0 | P94: =IF(OR(I94=0,M94=0),"",(O94/I94)) -> 0
B95: Standard Supply Service - Administrative Charge (if applicable) | D95: per 30 days | G95: 0.25 | H95: 1 | I95: =H95*G95 -> 0.25 | K95: 0.25 | L95: 1 | M95: =L95*K95 -> 0.25 | O95: =M95-I95 -> 0 | P95: =IF(OR(I95=0,M95=0),"",(O95/I95)) -> 0
B96: TOU - Off Peak | D96: per kWh | G96: 0.098 | H96: =$D$270*$G$18 -> 480 | I96: =H96*G96 -> 47.04 | K96: 0.098 | L96: =$D$270*$G$18 -> 480 | M96: =L96*K96 -> 47.04 | O96: =M96-I96 -> 0 | P96: =IF(OR(I96=0,M96=0),"",(O96/I96)) -> 0
B97: TOU - Mid Peak | D97: per kWh | G97: 0.157 | H97: =$D$271*$G$18 -> 135 | I97: =H97*G97 -> 21.195 | K97: 0.157 | L97: =$D$271*$G$18 -> 135 | M97: =L97*K97 -> 21.195 | O97: =M97-I97 -> 0 | P97: =IF(OR(I97=0,M97=0),"",(O97/I97)) -> 0
B98: TOU - On Peak | D98: per kWh | G98: 0.203 | H98: =$D$272*$G$18 -> 135 | I98: =H98*G98 -> 27.405 | K98: 0.203 | L98: =$D$272*$G$18 -> 135 | M98: =L98*K98 -> 27.405 | O98: =M98-I98 -> 0 | P98: =IF(OR(I98=0,M98=0),"",(O98/I98)) -> 0
B99: Energy - RPP - Tier 1 | D99: per kWh | G99: 0.12 | H99: 600 | I99: =H99*G99 -> 72 | K99: 0.12 | L99: 600 | M99: =L99*K99 -> 72 | O99: =M99-I99 -> 0 | P99: =IF(OR(I99=0,M99=0),"",(O99/I99)) -> 0
B100: Energy - RPP - Tier 2 | D100: per kWh | G100: 0.142 | H100: 150 | I100: =H100*G100 -> 21.3 | K100: 0.142 | L100: 150 | M100: =L100*K100 -> 21.3 | O100: =M100-I100 -> 0 | P100: =IF(OR(I100=0,M100=0),"",(O100/I100)) -> 0
B101: Non-RPP Retailer Avg. Price | D101: per kWh | G101: 0.1197 | H101: 0 | I101: =H101*G101 -> 0 | K101: 0.1197 | L101: 0 | M101: =L101*K101 -> 0 | O101: =M101-I101 -> 0 | P101: =IF(OR(I101=0,M101=0),"",(O101/I101))
B102: Average IESO Wholesale Market Price | D102: per kWh | G102: =G101 -> 0.1197 | H102: 0 | I102: =H102*G102 -> 0 | K102: =K101 -> 0.1197 | L102: 0 | M102: =L102*K102 -> 0 | O102: =M102-I102 -> 0 | P102: =IF(OR(I102=0,M102=0),"",(O102/I102))
O103: =M103-I103 -> 0 | P103: =IF(OR(I103=0,M103=0),"",(O103/I103))
B104: Total Bill on TOU (before Taxes) | I104: =SUM(I92:I95,I91,I99:I100) -> 168.14733 | M104: =SUM(M92:M95,M91,M99:M100) -> 169.11824 | O104: =M104-I104 -> 0.9709075 | P104: =IF(OR(I104=0,M104=0),"",(O104/I104)) -> 0.0057741475
B105: Ontario Electricity Rebate | G105: -0.235 | I105: =+I104*G105 -> -39.514623 | K105: -0.235 | M105: =+M104*K105 -> -39.742787 | O105: =M105-I105 -> -0.22816326 | P105: =IF(OR(I105=0,M105=0),"",(O105/I105)) -> 0.0057741475
B106: HST | G106: 0.13 | I106: =I104*G106 -> 21.859153 | K106: 0.13 | M106: =M104*K106 -> 21.985371 | O106: =M106-I106 -> 0.12621798 | P106: =IF(OR(I106=0,M106=0),"",(O106/I106)) -> 0.0057741475
B107: Total Bill on TOU (after Tax & Rebate) | I107: =SUM(I104:I106) -> 150.49186 | M107: =SUM(M104:M106) -> 151.36083 | O107: =M107-I107 -> 0.86896221 | P107: =IF(OR(I107=0,M107=0),"",(O107/I107)) -> 0.0057741475
B110: Loss Factor (%) | G110: 0.0295 | K110: 0.0295
B113: Appendix 2-W
B114: Bill Impacts
B117: Customer Class: | D117: RESIDENTIAL SERVICE
B119: ULO / non-ULO: | D119: ULO
D121: Consumption | G121: 750 | H121: kWh
G123: 2026 OEB-Approved | K123: 2027 Proposed | O123: Impact
D124: Charge Unit | G124: Rate | H124: Volume | I124: Charge | K124: Rate | L124: Volume | M124: Charge | O124: $ Change | P124: % Change
G125: ($) | I125: ($) | K125: ($) | M125: ($)
B126: Service Charge | D126: per 30 days | G126: 51.18 | H126: 1 | I126: =H126*G126 -> 51.18 | K126: 53 | L126: 1 | M126: =L126*K126 -> 53 | O126: =M126-I126 -> 1.82 | P126: =IF(OR(I126=0,M126=0),"",(O126/I126)) -> 0.035560766
B127: Rate Rider for Disposition of Wireline Pole Attachment Revenue - effective until December 31, 2029 | D127: per 30 days | G127: 0.04 | H127: 1 | I127: =H127*G127 -> 0.04 | K127: 0.04 | L127: 1 | M127: =L127*K127 -> 0.04 | O127: =M127-I127 -> 0 | P127: =IF(OR(I127=0,M127=0),"",(O127/I127)) -> 0
B128: Rate Rider for Disposition of Externally Driven Capital Variance Account - effective until December 31, 2029 | D128: per 30 days | G128: 0 | H128: 1 | I128: =H128*G128 -> 0 | K128: 0.16 | L128: 1 | M128: =L128*K128 -> 0.16 | O128: =M128-I128 -> 0.16 | P128: =IF(OR(I128=0,M128=0),"",(O128/I128))
B129: Rate Rider for Disposition of Wireless Pole Attachment Revenue - effective until December 31, 2029 | D129: per 30 days | G129: -0.03 | H129: 1 | I129: =H129*G129 -> -0.03 | K129: -0.03 | L129: 1 | M129: =L129*K129 -> -0.03 | O129: =M129-I129 -> 0 | P129: =IF(OR(I129=0,M129=0),"",(O129/I129)) -> 0
B130: Rate Rider for Disposition of Change in Useful Life of Asset (2025) - effective until December 31, 2026 | D130: per 30 days | G130: -1.41 | H130: 1 | I130: =H130*G130 -> -1.41 | K130: 0 | L130: 1 | M130: =L130*K130 -> 0 | O130: =M130-I130 -> 1.41 | P130: =IF(OR(I130=0,M130=0),"",(O130/I130))
...

Sheet CSMUR
N1: 1 | O1: 0 | U1: 1 | V1: 2 | AC1: 1 | AD1: 2 | AJ1: 1 | AK1: 2
B10: Appendix 2-W
B11: Bill Impacts | N11: 2 | U11: 2 | AC11: 2 | AJ11: 2
B14: Customer Class: | D14: COMPETITIVE SECTOR MULTI-UNIT RESIDENTIAL SERVICE
B16: TOU / non-TOU: | D16: TOU
D18: Consumption | G18: 300 | H18: kWh
G20: 2026 OEB-Approved | K20: 2027 Proposed | O20: Impact
D21: Charge Unit | G21: Rate | H21: Volume | I21: Charge | K21: Rate | L21: Volume | M21: Charge | O21: $ Change | P21: % Change
G22: ($) | I22: ($) | K22: ($) | M22: ($)
B23: Service Charge | D23: per 30 days | G23: 41.98 | H23: 1 | I23: =H23*G23 -> 41.98 | K23: 43.47 | L23: 1 | M23: =L23*K23 -> 43.47 | O23: =M23-I23 -> 1.49 | P23: =IF(OR(I23=0,M23=0),"",(O23/I23)) -> 0.035493092
B24: Rate Rider for Disposition of Wireline Pole Attachment Revenue - effective until December 31, 2029 | D24: per 30 days | G24: 0.03 | H24: 1 | I24: =H24*G24 -> 0.03 | K24: 0.03 | L24: 1 | M24: =L24*K24 -> 0.03 | O24: =M24-I24 -> 0 | P24: =IF(OR(I24=0,M24=0),"",(O24/I24)) -> 0
B25: Rate Rider for Disposition of Externally Driven Capital Variance Account - effective until December 31, 2029 | D25: per 30 days | G25: 0 | H25: 1 | I25: =H25*G25 -> 0 | K25: 0.13 | L25: 1 | M25: =L25*K25 -> 0.13 | O25: =M25-I25 -> 0.13 | P25: =IF(OR(I25=0,M25=0),"",(O25/I25))
B26: Rate Rider for Disposition of Wireless Pole Attachment Revenue - effective until December 31, 2029 | D26: per 30 days | G26: -0.03 | H26: 1 | I26: =H26*G26 -> -0.03 | K26: -0.03 | L26: 1 | M26: =L26*K26 -> -0.03 | O26: =M26-I26 -> 0 | P26: =IF(OR(I26=0,M26=0),"",(O26/I26)) -> 0
B27: Rate Rider for Disposition of Change in Useful Life of Asset (2025) - effective until December 31, 2026 | D27: per 30 days | G27: -1.1 | H27: 1 | I27: =H27*G27 -> -1.1 | K27: 0 | L27: 1 | M27: =L27*K27 -> 0 | O27: =M27-I27 -> 1.1 | P27: =IF(OR(I27=0,M27=0),"",(O27/I27))
B28: Rate Rider for Disposition of Change in Useful Life of Assets (2025) - effective until December 31, 2028 | D28: per 30 days | G28: -0.27 | H28: 1 | I28: =H28*G28 -> -0.27 | K28: -0.27 | L28: 1 | M28: =L28*K28 -> -0.27 | O28: =M28-I28 -> 0 | P28: =IF(OR(I28=0,M28=0),"",(O28/I28)) -> 0
B29: Rate Rider for Disposition of Change in Useful Life of Assets (2026) - effective until December 31, 2028 | D29: per 30 days | G29: -0.77 | H29: 1 | I29: =H29*G29 -> -0.77 | K29: -0.77 | L29: 1 | M29: =L29*K29 -> -0.77 | O29: =M29-I29 -> 0 | P29: =IF(OR(I29=0,M29=0),"",(O29/I29)) -> 0
B30: Rate Rider for Disposition of Revenue Variance Account (2025) - effective until December 31, 2027 - Interim | D30: per 30 days | G30: 0 | H30: 1 | I30: =H30*G30 -> 0 | K30: -0.87 | L30: 1 | M30: =L30*K30 -> -0.87 | O30: =M30-I30 -> -0.87 | P30: =IF(OR(I30=0,M30=0),"",(O30/I30))
B31: Sub-Total A (excluding pass through) | I31: =SUM(I23:I30) -> 39.84 | M31: =SUM(M23:M30) -> 41.69 | O31: =M31-I31 -> 1.85 | P31: =IF(OR(I31=0,M31=0),"",(O31/I31)) -> 0.046435743
B32: Line Losses on Cost of Power | D32: per kWh | G32: =RESIDENTIAL!G32 -> 0.12752 | H32: =$G$18*(1+G59)-$G$18 -> 8.85 | I32: =H32*G32 -> 1.128552 | K32: =RESIDENTIAL!K32 -> 0.12752 | L32: =$G$18*(1+K59)-$G$18 -> 8.85 | M32: =L32*K32 -> 1.128552 | O32: =M32-I32 -> 0 | P32: =IF(OR(I32=0,M32=0),"",(O32/I32)) -> 0
B33: =+RESIDENTIAL!$B$33 -> Rate Rider for Disposition of Deferral/Variance Accounts - effective until December 31, 2027 | D33: per kWh | G33: 0.00073 | H33: =+$G$18 -> 300 | I33: =H33*G33 -> 0.219 | K33: -0.00113 | L33: =+$G$18 -> 300 | M33: =L33*K33 -> -0.339 | O33: =M33-I33 -> -0.558 | P33: =IF(OR(I33=0,M33=0),"",(O33/I33)) -> -2.5479452
B34: =+RESIDENTIAL!$B$34 -> Rate Rider for Disposition of Capacity Based Recovery Account - Applicable only for Class B Customers - effective until December 31, 2027 | D34: per kWh | G34: 0.00048 | H34: =+$G$18 -> 300 | I34: =H34*G34 -> 0.144 | K34: 0.00052 | L34: =+$G$18 -> 300 | M34: =L34*K34 -> 0.156 | O34: =M34-I34 -> 0.012 | P34: =IF(OR(I34=0,M34=0),"",(O34/I34)) -> 0.083333333
B35: =+RESIDENTIAL!$B$35 -> Rate Rider for Disposition of Global Adjustment Account - Applicable only for Non-RPP Customers - effective until December 31, 2027 | D35: per kWh | G35: 0.00508 | I35: =H35*G35 -> 0 | K35: -0.00595 | M35: =L35*K35 -> 0 | O35: =M35-I35 -> 0 | P35: =IF(OR(I35=0,M35=0),"",(O35/I35))
B36: =RESIDENTIAL!B36 -> Rate Rider for Smart Metering Entity Charge - effective until December 31, 2029 | D36: per 30 days | G36: =RESIDENTIAL!G36 -> 0.41 | H36: 1 | I36: =H36*G36 -> 0.41 | K36: =RESIDENTIAL!K36 -> 0.41 | L36: 1 | M36: =L36*K36 -> 0.41 | O36: =M36-I36 -> 0 | P36: =IF(OR(I36=0,M36=0),"",(O36/I36)) -> 0
B37: Sub-Total B - Distribution (includes Sub-Total A) | I37: =SUM(I32:I36)+I31 -> 41.741552 | M37: =SUM(M32:M36)+M31 -> 43.045552 | O37: =M37-I37 -> 1.304 | P37: =IF(OR(I37=0,M37=0),"",(O37/I37)) -> 0.031239854
B38: Retail Transmission Rate - Network Service Rate | D38: per kWh | G38: 0.01346 | H38: =$G$18*(1+G59) -> 308.85 | I38: =H38*G38 -> 4.157121 | K38: 0.01371 | L38: =$G$18*(1+K59) -> 308.85 | M38: =L38*K38 -> 4.2343335 | O38: =M38-I38 -> 0.0772125 | P38: =IF(OR(I38=0,M38=0),"",(O38/I38)) -> 0.018573551
B39: Retail Transmission Rate - Line and Transformation Connection Service Rate | D39: per kWh | G39: 0.00895 | H39: =+H38 -> 308.85 | I39: =H39*G39 -> 2.7642075 | K39: 0.00908 | L39: =+L38 -> 308.85 | M39: =L39*K39 -> 2.804358 | O39: =M39-I39 -> 0.0401505 | P39: =IF(OR(I39=0,M39=0),"",(O39/I39)) -> 0.01452514
B40: Sub-Total C - Delivery (including Sub-Total B) | I40: =SUM(I37:I39) -> 48.66288 | M40: =SUM(M37:M39) -> 50.084243 | O40: =M40-I40 -> 1.421363 | P40: =IF(OR(I40=0,M40=0),"",(O40/I40)) -> 0.029208361
B41: Wholesale Market Service Rate - not including CBR | D41: per kWh | G41: 0.0041 | H41: =+H38 -> 308.85 | I41: =H41*G41 -> 1.266285 | K41: 0.0041 | L41: =+L38 -> 308.85 | M41: =L41*K41 -> 1.266285 | O41: =M41-I41 -> 0 | P41: =IF(OR(I41=0,M41=0),"",(O41/I41)) -> 0
B42: Rural and Remote Rate Protection Charge (RRRP) | D42: per kWh | G42: 0.0006 | H42: =+H38 -> 308.85 | I42: =H42*G42 -> 0.18531 | K42: 0.0006 | L42: =+L38 -> 308.85 | M42: =L42*K42 -> 0.18531 | O42: =M42-I42 -> 0 | P42: =IF(OR(I42=0,M42=0),"",(O42/I42)) -> 0
B43: Capacity Based Recovery (CBR) - Applicable for Class B Customers | D43: per kWh | G43: 0.0006 | H43: =+H38 -> 308.85 | I43: =H43*G43 -> 0.18531 | K43: 0.0006 | L43: =+L38 -> 308.85 | M43: =L43*K43 -> 0.18531 | O43: =M43-I43 -> 0 | P43: =IF(OR(I43=0,M43=0),"",(O43/I43)) -> 0
B44: Standard Supply Service - Administrative Charge (if applicable) | D44: per 30 days | G44: 0.25 | H44: 1 | I44: =H44*G44 -> 0.25 | K44: 0.25 | L44: 1 | M44: =L44*K44 -> 0.25 | O44: =M44-I44 -> 0 | P44: =IF(OR(I44=0,M44=0),"",(O44/I44)) -> 0
B45: TOU - Off Peak | D45: per kWh | G45: 0.098 | H45: =$D$112*$G$18 -> 192 | I45: =H45*G45 -> 18.816 | K45: 0.098 | L45: =$D$112*$G$18 -> 192 | M45: =L45*K45 -> 18.816 | O45: =M45-I45 -> 0 | P45: =IF(OR(I45=0,M45=0),"",(O45/I45)) -> 0
B46: TOU - Mid Peak | D46: per kWh | G46: 0.157 | H46: =$D$113*$G$18 -> 54 | I46: =H46*G46 -> 8.478 | K46: 0.157 | L46: =$D$113*$G$18 -> 54 | M46: =L46*K46 -> 8.478 | O46: =M46-I46 -> 0 | P46: =IF(OR(I46=0,M46=0),"",(O46/I46)) -> 0
B47: TOU - On Peak | D47: per kWh | G47: 0.203 | H47: =$D$114*$G$18 -> 54 | I47: =H47*G47 -> 10.962 | K47: 0.203 | L47: =$D$114*$G$18 -> 54 | M47: =L47*K47 -> 10.962 | O47: =M47-I47 -> 0 | P47: =IF(OR(I47=0,M47=0),"",(O47/I47)) -> 0
B48: Energy - RPP - Tier 1 | D48: per kWh | G48: 0.12 | H48: =IF(AND($N$1=1, $G$18>=600), 600, IF(AND($N$1=1, AND($G$18<600, $G$18>=0)), $G$18, IF(AND($N$1=2, $G$18>=1000), 1000, IF(AND($N$1=2, AND($G$18<1000, $G$18>=0)), $G$18)))) -> 300 | I48: =H48*G48 -> 36 | K48: 0.12 | L48: =IF(AND($N$1=1, $G$18>=600), 600, IF(AND($N$1=1, AND($G$18<600, $G$18>=0)), $G$18, IF(AND($N$1=2, $G$18>=1000), 1000, IF(AND($N$1=2, AND($G$18<1000, $G$18>=0)), $G$18)))) -> 300 | M48: =L48*K48 -> 36 | O48: =M48-I48 -> 0 | P48: =IF(OR(I48=0,M48=0),"",(O48/I48)) -> 0
B49: Energy - RPP - Tier 2 | D49: per kWh | G49: 0.142 | H49: =IF(AND($N$1=1, $G$18>=600), $G$18-600, IF(AND($N$1=1, AND($G$18<600, $G$18>=0)), 0, IF(AND($N$1=2, $G$18>=1000), $G$18-1000, IF(AND($N$1=2, AND($G$18<1000, $G$18>=0)), 0)))) -> 0 | I49: =H49*G49 -> 0 | K49: 0.142 | L49: =IF(AND($N$1=1, $G$18>=600), $G$18-600, IF(AND($N$1=1, AND($G$18<600, $G$18>=0)), 0, IF(AND($N$1=2, $G$18>=1000), $G$18-1000, IF(AND($N$1=2, AND($G$18<1000, $G$18>=0)), 0)))) -> 0 | M49: =L49*K49 -> 0 | O49: =M49-I49 -> 0 | P49: =IF(OR(I49=0,M49=0),"",(O49/I49))
B50: Non-RPP Retailer Avg. Price | D50: per kWh | G50: 0.1197 | H50: 0 | I50: =H50*G50 -> 0 | K50: 0.1197 | L50: 0 | M50: =L50*K50 -> 0 | O50: =M50-I50 -> 0 | P50: =IF(OR(I50=0,M50=0),"",(O50/I50))
B51: Average IESO Wholesale Market Price | D51: per kWh | G51: =G50 -> 0.1197 | H51: 0 | I51: =H51*G51 -> 0 | K51: =K50 -> 0.1197 | L51: 0 | M51: =L51*K51 -> 0 | O51: =M51-I51 -> 0 | P51: =IF(OR(I51=0,M51=0),"",(O51/I51))
O52: =M52-I52 -> 0 | P52: =IF(OR(I52=0,M52=0),"",(O52/I52))
B53: Total Bill on TOU (before Taxes) | I53: =SUM(I41:I47,I40) -> 88.805785 | M53: =SUM(M41:M47,M40) -> 90.227148 | O53: =M53-I53 -> 1.421363 | P53: =IF(OR(I53=0,M53=0),"",(O53/I53)) -> 0.016005297
B54: Ontario Electricity Rebate | G54: -0.235 | I54: =+I53*G54 -> -20.86936 | K54: -0.235 | M54: =+M53*K54 -> -21.20338 | O54: =M54-I54 -> -0.33402031 | P54: =IF(OR(I54=0,M54=0),"",(O54/I54)) -> 0.016005297
B55: HST | G55: 0.13 | I55: =I53*G55 -> 11.544752 | K55: 0.13 | M55: =M53*K55 -> 11.729529 | O55: =M55-I55 -> 0.18477719 | P55: =IF(OR(I55=0,M55=0),"",(O55/I55)) -> 0.016005297
B56: Total Bill on TOU (after Tax & Rebate) | I56: =SUM(I53:I55) -> 79.481178 | M56: =SUM(M53:M55) -> 80.753298 | O56: =M56-I56 -> 1.2721199 | P56: =IF(OR(I56=0,M56=0),"",(O56/I56)) -> 0.016005297
B59: Loss Factor (%) | G59: =RESIDENTIAL!G59 -> 0.0295 | K59: =RESIDENTIAL!K59 -> 0.0295
B61: Appendix 2-W
B62: Bill Impacts | N62: 2 | U62: 2 | AC62: 2 | AJ62: 2
B65: Customer Class: | D65: COMPETITIVE SECTOR MULTI-UNIT RESIDENTIAL SERVICE
B67: TOU / non-TOU: | D67: TOU
D69: Consumption | G69: 198 | H69: kWh
G71: =G20 -> 2026 OEB-Approved | K71: =K20 -> 2027 Proposed | O71: Impact
D72: Charge Unit | G72: Rate | H72: Volume | I72: Charge | K72: Rate | L72: Volume | M72: Charge | O72: $ Change | P72: % Change
G73: ($) | I73: ($) | K73: ($) | M73: ($)
B74: Service Charge | D74: per 30 days | G74: 41.98 | H74: 1 | I74: =H74*G74 -> 41.98 | K74: 43.47 | L74: 1 | M74: =L74*K74 -> 43.47 | O74: =M74-I74 -> 1.49 | P74: =IF(OR(I74=0,M74=0),"",(O74/I74)) -> 0.035493092
B75: Rate Rider for Disposition of Wireline Pole Attachment Revenue - effective until December 31, 2029 | D75: per 30 days | G75: 0.03 | H75: 1 | I75: =H75*G75 -> 0.03 | K75: 0.03 | L75: 1 | M75: =L75*K75 -> 0.03 | O75: =M75-I75 -> 0 | P75: =IF(OR(I75=0,M75=0),"",(O75/I75)) -> 0
B76: Rate Rider for Disposition of Externally Driven Capital Variance Account - effective until December 31, 2029 | D76: per 30 days | G76: 0 | H76: 1 | I76: =H76*G76 -> 0 | K76: 0.13 | L76: 1 | M76: =L76*K76 -> 0.13 | O76: =M76-I76 -> 0.13 | P76: =IF(OR(I76=0,M76=0),"",(O76/I76))
B77: Rate Rider for Disposition of Wireless Pole Attachment Revenue - effective until December 31, 2029 | D77: per 30 days | G77: -0.03 | H77: 1 | I77: =H77*G77 -> -0.03 | K77: -0.03 | L77: 1 | M77: =L77*K77 -> -0.03 | O77: =M77-I77 -> 0 | P77: =IF(OR(I77=0,M77=0),"",(O77/I77)) -> 0
B78: Rate Rider for Disposition of Change in Useful Life of Asset (2025) - effective until December 31, 2026 | D78: per 30 days | G78: -1.1 | H78: 1 | I78: =H78*G78 -> -1.1 | K78: 0 | L78: 1 | M78: =L78*K78 -> 0 | O78: =M78-I78 -> 1.1 | P78: =IF(OR(I78=0,M78=0),"",(O78/I78))
B79: Rate Rider for Disposition of Change in Useful Life of Assets (2025) - effective until December 31, 2028 | D79: per 30 days | G79: -0.27 | H79: 1 | I79: =H79*G79 -> -0.27 | K79: -0.27 | L79: 1 | M79: =L79*K79 -> -0.27 | O79: =M79-I79 -> 0 | P79: =IF(OR(I79=0,M79=0),"",(O79/I79)) -> 0
B80: Rate Rider for Disposition of Change in Useful Life of Assets (2026) - effective until December 31, 2028 | D80: per 30 days | G80: -0.77 | H80: 1 | I80: =H80*G80 -> -0.77 | K80: -0.77 | L80: 1 | M80: =L80*K80 -> -0.77 | O80: =M80-I80 -> 0 | P80: =IF(OR(I80=0,M80=0),"",(O80/I80)) -> 0
B81: Rate Rider for Disposition of Revenue Variance Account (2025) - effective until December 31, 2027 - Interim | D81: per 30 days | G81: 0 | H81: 1 | I81: =H81*G81 -> 0 | K81: -0.87 | L81: 1 | M81: =L81*K81 -> -0.87 | O81: =M81-I81 -> -0.87 | P81: =IF(OR(I81=0,M81=0),"",(O81/I81))
B82: Sub-Total A (excluding pass through) | I82: =SUM(I74:I81) -> 39.84 | M82: =SUM(M74:M81) -> 41.69 | O82: =M82-I82 -> 1.85 | P82: =IF(OR(I82=0,M82=0),"",(O82/I82)) -> 0.046435743
B83: Line Losses on Cost of Power | D83: per kWh | G83: =G32 -> 0.12752 | H83: =$G$69*(1+G110)-$G$69 -> 5.841 | I83: =H83*G83 -> 0.74484432 | K83: =K32 -> 0.12752 | L83: =$G$69*(1+K110)-$G$69 -> 5.841 | M83: =L83*K83 -> 0.74484432 | O83: =M83-I83 -> 0 | P83: =IF(OR(I83=0,M83=0),"",(O83/I83)) -> 0
B84: =+RESIDENTIAL!$B$33 -> Rate Rider for Disposition of Deferral/Variance Accounts - effective until December 31, 2027 | D84: per kWh | G84: =G33 -> 0.00073 | H84: =$G$69 -> 198 | I84: =H84*G84 -> 0.14454 | K84: =K33 -> -0.00113 | L84: =$G$69 -> 198 | M84: =L84*K84 -> -0.22374 | O84: =M84-I84 -> -0.36828 | P84: =IF(OR(I84=0,M84=0),"",(O84/I84)) -> -2.5479452
B85: =+RESIDENTIAL!$B$34 -> Rate Rider for Disposition of Capacity Based Recovery Account - Applicable only for Class B Customers - effective until December 31, 2027 | D85: per kWh | G85: =G34 -> 0.00048 | H85: =$G$69 -> 198 | I85: =H85*G85 -> 0.09504 | K85: =K34 -> 0.00052 | L85: =$G$69 -> 198 | M85: =L85*K85 -> 0.10296 | O85: =M85-I85 -> 0.00792 | P85: =IF(OR(I85=0,M85=0),"",(O85/I85)) -> 0.083333333
B86: =+RESIDENTIAL!$B$35 -> Rate Rider for Disposition of Global Adjustment Account - Applicable only for Non-RPP Customers - effective until December 31, 2027 | D86: per kWh | G86: =G35 -> 0.00508 | I86: =H86*G86 -> 0 | K86: =K35 -> -0.00595 | M86: =L86*K86 -> 0 | O86: =M86-I86 -> 0 | P86: =IF(OR(I86=0,M86=0),"",(O86/I86))
B87: =B36 -> Rate Rider for Smart Metering Entity Charge - effective until December 31, 2029 | D87: per 30 days | G87: =G36 -> 0.41 | H87: 1 | I87: =H87*G87 -> 0.41 | K87: =K36 -> 0.41 | L87: 1 | M87: =L87*K87 -> 0.41 | O87: =M87-I87 -> 0 | P87: =IF(OR(I87=0,M87=0),"",(O87/I87)) -> 0
B88: Sub-Total B - Distribution (includes Sub-Total A) | I88: =SUM(I83:I87)+I82 -> 41.234424 | M88: =SUM(M83:M87)+M82 -> 42.724064 | O88: =M88-I88 -> 1.48964 | P88: =IF(OR(I88=0,M88=0),"",(O88/I88)) -> 0.036126126
B89: Retail Transmission Rate - Network Service Rate | D89: per kWh | G89: =G38 -> 0.01346 | H89: =$G$69*(1+G110) -> 203.841 | I89: =H89*G89 -> 2.7436999 | K89: =K38 -> 0.01371 | L89: =$G$69*(1+K110) -> 203.841 | M89: =L89*K89 -> 2.7946601 | O89: =M89-I89 -> 0.05096025 | P89: =IF(OR(I89=0,M89=0),"",(O89/I89)) -> 0.018573551
B90: Retail Transmission Rate - Line and Transformation Connection Service Rate | D90: per kWh | G90: =G39 -> 0.00895 | H90: =+H89 -> 203.841 | I90: =H90*G90 -> 1.8243769 | K90: =K39 -> 0.00908 | L90: =+L89 -> 203.841 | M90: =L90*K90 -> 1.8508763 | O90: =M90-I90 -> 0.02649933 | P90: =IF(OR(I90=0,M90=0),"",(O90/I90)) -> 0.01452514
B91: Sub-Total C - Delivery (including Sub-Total B) | I91: =SUM(I88:I90) -> 45.802501 | M91: =SUM(M88:M90) -> 47.369601 | O91: =M91-I91 -> 1.5670996 | P91: =IF(OR(I91=0,M91=0),"",(O91/I91)) -> 0.03421428
B92: Wholesale Market Service Rate - not including CBR | D92: per kWh | G92: 0.0041 | H92: =+H89 -> 203.841 | I92: =H92*G92 -> 0.8357481 | K92: 0.0041 | L92: =+L89 -> 203.841 | M92: =L92*K92 -> 0.8357481 | O92: =M92-I92 -> 0 | P92: =IF(OR(I92=0,M92=0),"",(O92/I92)) -> 0
B93: Rural and Remote Rate Protection Charge (RRRP) | D93: per kWh | G93: 0.0006 | H93: =+H89 -> 203.841 | I93: =H93*G93 -> 0.1223046 | K93: 0.0006 | L93: =+L89 -> 203.841 | M93: =L93*K93 -> 0.1223046 | O93: =M93-I93 -> 0 | P93: =IF(OR(I93=0,M93=0),"",(O93/I93)) -> 0
B94: Capacity Based Recovery (CBR) - Applicable for Class B Customers | D94: per kWh | G94: 0.0006 | H94: =+H89 -> 203.841 | I94: =H94*G94 -> 0.1223046 | K94: 0.0006 | L94: =+L89 -> 203.841 | M94: =L94*K94 -> 0.1223046 | O94: =M94-I94 -> 0 | P94: =IF(OR(I94=0,M94=0),"",(O94/I94)) -> 0
B95: Standard Supply Service - Administrative Charge (if applicable) | D95: per 30 days | G95: 0.25 | H95: 1 | I95: =H95*G95 -> 0.25 | K95: 0.25 | L95: 1 | M95: =L95*K95 -> 0.25 | O95: =M95-I95 -> 0 | P95: =IF(OR(I95=0,M95=0),"",(O95/I95)) -> 0
B96: TOU - Off Peak | D96: per kWh | G96: 0.098 | H96: =$G$69*$D$112 -> 126.72 | I96: =H96*G96 -> 12.41856 | K96: 0.098 | L96: =$G$69*$D$112 -> 126.72 | M96: =L96*K96 -> 12.41856 | O96: =M96-I96 -> 0 | P96: =IF(OR(I96=0,M96=0),"",(O96/I96)) -> 0
B97: TOU - Mid Peak | D97: per kWh | G97: 0.157 | H97: =$G$69*$D$113 -> 35.64 | I97: =H97*G97 -> 5.59548 | K97: 0.157 | L97: =$G$69*$D$113 -> 35.64 | M97: =L97*K97 -> 5.59548 | O97: =M97-I97 -> 0 | P97: =IF(OR(I97=0,M97=0),"",(O97/I97)) -> 0
B98: TOU - On Peak | D98: per kWh | G98: 0.203 | H98: =$G$69*$D$114 -> 35.64 | I98: =H98*G98 -> 7.23492 | K98: 0.203 | L98: =$G$69*$D$114 -> 35.64 | M98: =L98*K98 -> 7.23492 | O98: =M98-I98 -> 0 | P98: =IF(OR(I98=0,M98=0),"",(O98/I98)) -> 0
B99: Energy - RPP - Tier 1 | D99: per kWh | G99: 0.12 | H99: =IF(AND($N$1=1, $G$69>=600), 600, IF(AND($N$1=1, AND($G$69<600, $G$69>=0)), $G$69, IF(AND($N$1=2, $G$69>=1000), 1000, IF(AND($N$1=2, AND($G$69<1000, $G$69>=0)), $G$69)))) -> 198 | I99: =H99*G99 -> 23.76 | K99: 0.12 | L99: =IF(AND($N$1=1, $G$69>=600), 600, IF(AND($N$1=1, AND($G$69<600, $G$69>=0)), $G$69, IF(AND($N$1=2, $G$69>=1000), 1000, IF(AND($N$1=2, AND($G$69<1000, $G$69>=0)), $G$69)))) -> 198 | M99: =L99*K99 -> 23.76 | O99: =M99-I99 -> 0 | P99: =IF(OR(I99=0,M99=0),"",(O99/I99)) -> 0
B100: Energy - RPP - Tier 2 | D100: per kWh | G100: 0.142 | H100: =IF(AND($N$1=1, $G$69>=600), $G$69-600, IF(AND($N$1=1, AND($G$69<600, $G$69>=0)), 0, IF(AND($N$1=2, $G$69>=1000), $G$69-1000, IF(AND($N$1=2, AND($G$69<1000, $G$69>=0)), 0)))) -> 0 | I100: =H100*G100 -> 0 | K100: 0.142 | L100: =IF(AND($N$1=1, $G$69>=600), $G$69-600, IF(AND($N$1=1, AND($G$69<600, $G$69>=0)), 0, IF(AND($N$1=2, $G$69>=1000), $G$69-1000, IF(AND($N$1=2, AND($G$69<1000, $G$69>=0)), 0)))) -> 0 | M100: =L100*K100 -> 0 | O100: =M100-I100 -> 0 | P100: =IF(OR(I100=0,M100=0),"",(O100/I100))
B101: Non-RPP Retailer Avg. Price | D101: per kWh | G101: 0.1197 | H101: 0 | I101: =H101*G101 -> 0 | K101: 0.1197 | L101: 0 | M101: =L101*K101 -> 0 | O101: =M101-I101 -> 0 | P101: =IF(OR(I101=0,M101=0),"",(O101/I101))
B102: Average IESO Wholesale Market Price | D102: per kWh | G102: =G101 -> 0.1197 | H102: 0 | I102: =H102*G102 -> 0 | K102: =K101 -> 0.1197 | L102: 0 | M102: =L102*K102 -> 0 | O102: =M102-I102 -> 0 | P102: =IF(OR(I102=0,M102=0),"",(O102/I102))
O103: =M103-I103 -> 0 | P103: =IF(OR(I103=0,M103=0),"",(O103/I103))
B104: Total Bill on TOU (before Taxes) | I104: =SUM(I92:I98,I91) -> 72.381818 | M104: =SUM(M92:M98,M91) -> 73.948918 | O104: =M104-I104 -> 1.5670996 | P104: =IF(OR(I104=0,M104=0),"",(O104/I104)) -> 0.021650459
B105: Ontario Electricity Rebate | G105: =G54 -> -0.235 | I105: =+I104*G105 -> -17.009727 | K105: =K54 -> -0.235 | M105: =+M104*K105 -> -17.377996 | O105: =M105-I105 -> -0.3682684 | P105: =IF(OR(I105=0,M105=0),"",(O105/I105)) -> 0.021650459
B106: HST | G106: 0.13 | I106: =I104*G106 -> 9.4096364 | K106: 0.13 | M106: =M104*K106 -> 9.6133593 | O106: =M106-I106 -> 0.20372295 | P106: =IF(OR(I106=0,M106=0),"",(O106/I106)) -> 0.021650459
B107: Total Bill on TOU (after Tax & Rebate) | I107: =SUM(I104:I106) -> 64.781727 | M107: =SUM(M104:M106) -> 66.184282 | O107: =M107-I107 -> 1.4025541 | P107: =IF(OR(I107=0,M107=0),"",(O107/I107)) -> 0.021650459
B110: Loss Factor (%) | G110: =G59 -> 0.0295 | K110: =K59 -> 0.0295
D112: 0.64 | E112: TOU - Off Peak
D113: 0.18 | E113: TOU - Mid Peak
D114: 0.18 | E114: TOU - On Peak

Sheet GS<50 kW
N1: 1 | O1: 3 | T1: 1 | U1: 1 | V1: 3 | AC1: 1 | AD1: 3 | AJ1: 1 | AK1: 3
B10: Appendix 2-W
B11: Bill Impacts
B14: Customer Class: | D14: GENERAL SERVICE LESS THAN 50 kW SERVICE
B16: TOU / non-TOU: | D16: TOU
D18: Consumption | G18: 2000 | H18: kWh
G20: 2026 OEB-Approved | K20: 2027 Proposed | O20: Impact
D21: Charge Unit | G21: Rate | H21: Volume | I21: Charge | K21: Rate | L21: Volume | M21: Charge | O21: $ Change | P21: % Change
G22: ($) | I22: ($) | K22: ($) | M22: ($)
B23: Service Charge | D23: per 30 days | G23: 43.7 | H23: 1 | I23: =H23*G23 -> 43.7 | K23: 43.7 | L23: 1 | M23: =L23*K23 -> 43.7 | O23: =M23-I23 -> 0 | P23: =IF(OR(I23=0,M23=0),"",(O23/I23)) -> 0
B24: Rate Rider for Disposition of Wireline Pole Attachment Revenue - effective until December 31, 2029 | D24: per kWh | G24: 5e-05 | H24: =$G$18 -> 2000 | I24: =H24*G24 -> 0.1 | K24: 5e-05 | L24: =$G$18 -> 2000 | M24: =L24*K24 -> 0.1 | O24: =M24-I24 -> 0 | P24: =IF(OR(I24=0,M24=0),"",(O24/I24)) -> 0
B25: Rate Rider for Disposition of Externally Driven Capital Variance Account - effective until December 31, 2029 | D25: per kWh | G25: 0 | H25: =$G$18 -> 2000 | I25: =H25*G25 -> 0 | K25: 0.00021 | L25: =$G$18 -> 2000 | M25: =L25*K25 -> 0.42 | O25: =M25-I25 -> 0.42 | P25: =IF(OR(I25=0,M25=0),"",(O25/I25))
B26: Rate Rider for Disposition of Wireless Pole Attachment Revenue - effective until December 31, 2029 | D26: per kWh | G26: -4e-05 | H26: =$G$18 -> 2000 | I26: =H26*G26 -> -0.08 | K26: -4e-05 | L26: =$G$18 -> 2000 | M26: =L26*K26 -> -0.08 | O26: =M26-I26 -> 0 | P26: =IF(OR(I26=0,M26=0),"",(O26/I26)) -> 0
B27: Rate Rider for Disposition of Change in Useful Life of Asset (2025) - effective until December 31, 2026 | D27: per kWh | G27: -0.00179 | H27: =$G$18 -> 2000 | I27: =H27*G27 -> -3.58 | K27: 0 | L27: =$G$18 -> 2000 | M27: =L27*K27 -> 0 | O27: =M27-I27 -> 3.58 | P27: =IF(OR(I27=0,M27=0),"",(O27/I27))
B28: Rate Rider for Disposition of Change in Useful Life of Assets (2025) - effective until December 31, 2028 | D28: per kWh | G28: -0.00043 | H28: =$G$18 -> 2000 | I28: =H28*G28 -> -0.86 | K28: -0.00043 | L28: =$G$18 -> 2000 | M28: =L28*K28 -> -0.86 | O28: =M28-I28 -> 0 | P28: =IF(OR(I28=0,M28=0),"",(O28/I28)) -> 0
B29: Rate Rider for Disposition of Change in Useful Life of Assets (2026) - effective until December 31, 2028 | D29: per kWh | G29: -0.00125 | H29: =$G$18 -> 2000 | I29: =H29*G29 -> -2.5 | K29: -0.00125 | L29: =$G$18 -> 2000 | M29: =L29*K29 -> -2.5 | O29: =M29-I29 -> 0 | P29: =IF(OR(I29=0,M29=0),"",(O29/I29)) -> 0
B30: Rate Rider for Disposition of Revenue Variance Account (2025) - effective until December 31, 2027 - Interim | D30: per kWh | G30: 0 | H30: =$G$18 -> 2000 | I30: =H30*G30 -> 0 | K30: -0.00134 | L30: =$G$18 -> 2000 | M30: =L30*K30 -> -2.68 | O30: =M30-I30 -> -2.68 | P30: =IF(OR(I30=0,M30=0),"",(O30/I30))
B31: Distribution Volumetric Rate | D31: per kWh | G31: 0.04778 | H31: =$G$18 -> 2000 | I31: =H31*G31 -> 95.56 | K31: 0.05005 | L31: =$G$18 -> 2000 | M31: =L31*K31 -> 100.1 | O31: =M31-I31 -> 4.54 | P31: =IF(OR(I31=0,M31=0),"",(O31/I31)) -> 0.047509418
B32: Sub-Total A (excluding pass through) | I32: =SUM(I23:I31) -> 132.34 | M32: =SUM(M23:M31) -> 138.2 | O32: =M32-I32 -> 5.86 | P32: =IF(OR(I32=0,M32=0),"",(O32/I32)) -> 0.044279885
B33: Line Losses on Cost of Power | D33: per kWh | G33: =RESIDENTIAL!G32 -> 0.12752 | H33: =$G$18*(1+G65)-$G$18 -> 59 | I33: =H33*G33 -> 7.52368 | K33: =RESIDENTIAL!K32 -> 0.12752 | L33: =$G$18*(1+K65)-$G$18 -> 59 | M33: =L33*K33 -> 7.52368 | O33: =M33-I33 -> 0 | P33: =IF(OR(I33=0,M33=0),"",(O33/I33)) -> 0
B34: =+RESIDENTIAL!$B$33 -> Rate Rider for Disposition of Deferral/Variance Accounts - effective until December 31, 2027 | D34: per kWh | G34: 0.00124 | H34: =$G$18 -> 2000 | I34: =H34*G34 -> 2.48 | K34: -0.00104 | L34: =$G$18 -> 2000 | M34: =L34*K34 -> -2.08 | O34: =M34-I34 -> -4.56 | P34: =IF(OR(I34=0,M34=0),"",(O34/I34)) -> -1.8387097
B35: =+RESIDENTIAL!$B$34 -> Rate Rider for Disposition of Capacity Based Recovery Account - Applicable only for Class B Customers - effective until December 31, 2027 | D35: per kWh | G35: 0.00048 | H35: =$G$18 -> 2000 | I35: =H35*G35 -> 0.96 | K35: 0.00052 | L35: =$G$18 -> 2000 | M35: =L35*K35 -> 1.04 | O35: =M35-I35 -> 0.08 | P35: =IF(OR(I35=0,M35=0),"",(O35/I35)) -> 0.083333333
B36: =+RESIDENTIAL!$B$35 -> Rate Rider for Disposition of Global Adjustment Account - Applicable only for Non-RPP Customers - effective until December 31, 2027 | D36: per kWh | G36: 0.00508 | I36: =H36*G36 -> 0 | K36: -0.00595 | M36: =L36*K36 -> 0 | O36: =M36-I36 -> 0 | P36: =IF(OR(I36=0,M36=0),"",(O36/I36))
B37: =CSMUR!B36 -> Rate Rider for Smart Metering Entity Charge - effective until December 31, 2029 | D37: per 30 days | G37: =RESIDENTIAL!G36 -> 0.41 | H37: 1 | I37: =H37*G37 -> 0.41 | K37: =RESIDENTIAL!K36 -> 0.41 | L37: 1 | M37: =L37*K37 -> 0.41 | O37: =M37-I37 -> 0 | P37: =IF(OR(I37=0,M37=0),"",(O37/I37)) -> 0
B38: Sub-Total B - Distribution (includes Sub-Total A) | I38: =SUM(I33:I37)+I32 -> 143.71368 | M38: =SUM(M33:M37)+M32 -> 145.09368 | O38: =M38-I38 -> 1.38 | P38: =IF(OR(I38=0,M38=0),"",(O38/I38)) -> 0.0096024262
B39: Retail Transmission Rate - Network Service Rate | D39: per kWh | G39: 0.0131 | H39: =$G$18*(1+G65) -> 2059 | I39: =H39*G39 -> 26.9729 | K39: 0.01334 | L39: =$G$18*(1+K65) -> 2059 | M39: =L39*K39 -> 27.46706 | O39: =M39-I39 -> 0.49416 | P39: =IF(OR(I39=0,M39=0),"",(O39/I39)) -> 0.018320611
B40: Retail Transmission Rate - Line and Transformation Connection Service Rate | D40: per kWh | G40: 0.00801 | H40: =H39 -> 2059 | I40: =H40*G40 -> 16.49259 | K40: 0.00813 | L40: =L39 -> 2059 | M40: =L40*K40 -> 16.73967 | O40: =M40-I40 -> 0.24708 | P40: =IF(OR(I40=0,M40=0),"",(O40/I40)) -> 0.014981273
B41: Sub-Total C - Delivery (including Sub-Total B) | I41: =SUM(I38:I40) -> 187.17917 | M41: =SUM(M38:M40) -> 189.30041 | O41: =M41-I41 -> 2.12124 | P41: =IF(OR(I41=0,M41=0),"",(O41/I41)) -> 0.011332671
B42: Wholesale Market Service Charge (WMSC) | D42: per kWh | G42: 0.0041 | H42: =H39 -> 2059 | I42: =H42*G42 -> 8.4419 | K42: 0.0041 | L42: =L39 -> 2059 | M42: =L42*K42 -> 8.4419 | O42: =M42-I42 -> 0 | P42: =IF(OR(I42=0,M42=0),"",(O42/I42)) -> 0
B43: Rural and Remote Rate Protection (RRRP) | D43: per kWh | G43: 0.0006 | H43: =H39 -> 2059 | I43: =H43*G43 -> 1.2354 | K43: 0.0006 | L43: =L39 -> 2059 | M43: =L43*K43 -> 1.2354 | O43: =M43-I43 -> 0 | P43: =IF(OR(I43=0,M43=0),"",(O43/I43)) -> 0
B44: Capacity Based Recovery (CBR) - Applicable for Class B Customers | D44: per kWh | G44: 0.0006 | H44: =+H39 -> 2059 | I44: =H44*G44 -> 1.2354 | K44: 0.0006 | L44: =+L39 -> 2059 | M44: =L44*K44 -> 1.2354 | O44: =M44-I44 -> 0 | P44: =IF(OR(I44=0,M44=0),"",(O44/I44)) -> 0
B45: Standard Supply Service Charge | D45: per 30 days | G45: 0.25 | H45: 1 | I45: =H45*G45 -> 0.25 | K45: 0.25 | L45: 1 | M45: =L45*K45 -> 0.25 | O45: =M45-I45 -> 0 | P45: =IF(OR(I45=0,M45=0),"",(O45/I45)) -> 0
B46: TOU - Off Peak | D46: per kWh | G46: 0.098 | H46: =$G$18*$D$124 -> 1280 | I46: =H46*G46 -> 125.44 | K46: 0.098 | L46: =$G$18*$D$124 -> 1280 | M46: =L46*K46 -> 125.44 | O46: =M46-I46 -> 0 | P46: =IF(OR(I46=0,M46=0),"",(O46/I46)) -> 0
B47: TOU - Mid Peak | D47: per kWh | G47: 0.157 | H47: =$G$18*$D$125 -> 360 | I47: =H47*G47 -> 56.52 | K47: 0.157 | L47: =$G$18*$D$125 -> 360 | M47: =L47*K47 -> 56.52 | O47: =M47-I47 -> 0 | P47: =IF(OR(I47=0,M47=0),"",(O47/I47)) -> 0
B48: TOU - On Peak | D48: per kWh | G48: 0.203 | H48: =$G$18*$D$126 -> 360 | I48: =H48*G48 -> 73.08 | K48: 0.203 | L48: =$G$18*$D$126 -> 360 | M48: =L48*K48 -> 73.08 | O48: =M48-I48 -> 0 | P48: =IF(OR(I48=0,M48=0),"",(O48/I48)) -> 0
B49: Energy - RPP - Tier 1 | D49: per kWh | G49: 0.12 | H49: =IF(AND($T$1=1, $G$18>=750), 750, IF(AND($T$1=1, AND($G$18<750, $G$18>=0)), $G$18, IF(AND($T$1=2, $G$18>=1000), 1000, IF(AND($T$1=2, AND($G$18<1000, $G$18>=0)), $G$18)))) -> 750 | I49: =H49*G49 -> 90 | K49: 0.12 | L49: =IF(AND($T$1=1, $G$18>=750), 750, IF(AND($T$1=1, AND($G$18<750, $G$18>=0)), $G$18, IF(AND($T$1=2, $G$18>=1000), 1000, IF(AND($T$1=2, AND($G$18<1000, $G$18>=0)), $G$18)))) -> 750 | M49: =L49*K49 -> 90 | O49: =M49-I49 -> 0 | P49: =IF(OR(I49=0,M49=0),"",(O49/I49)) -> 0
B50: Energy - RPP - Tier 2 | D50: per kWh | G50: 0.142 | H50: =IF(AND($T$1=1, $G$18>=750), $G$18-750, IF(AND($T$1=1, AND($G$18<750, $G$18>=0)), 0, IF(AND($T$1=2, $G$18>=1000), $G$18-1000, IF(AND($T$1=2, AND($G$18<1000, $G$18>=0)), 0)))) -> 1250 | I50: =H50*G50 -> 177.5 | K50: 0.142 | L50: =IF(AND($T$1=1, $G$18>=750), $G$18-750, IF(AND($T$1=1, AND($G$18<750, $G$18>=0)), 0, IF(AND($T$1=2, $G$18>=1000), $G$18-1000, IF(AND($T$1=2, AND($G$18<1000, $G$18>=0)), 0)))) -> 1250 | M50: =L50*K50 -> 177.5 | O50: =M50-I50 -> 0 | P50: =IF(OR(I50=0,M50=0),"",(O50/I50)) -> 0
B51: Non-RPP Retailer Avg. Price | D51: per kWh | G51: 0.1197 | I51: =H51*G51 -> 0 | K51: 0.1197 | M51: =L51*K51 -> 0 | O51: =M51-I51 -> 0 | P51: =IF(OR(I51=0,M51=0),"",(O51/I51))
B52: Average IESO Wholesale Market Price | D52: per kWh | G52: =G51 -> 0.1197 | I52: =H52*G52 -> 0 | K52: =K51 -> 0.1197 | M52: =L52*K52 -> 0 | O52: =M52-I52 -> 0 | P52: =IF(OR(I52=0,M52=0),"",(O52/I52))
O53: =M53-I53 -> 0 | P53: =IF(OR(I53=0,M53=0),"",(O53/I53))
B54: Total Bill on TOU (before Taxes) | I54: =SUM(I42:I48,I41) -> 453.38187 | M54: =SUM(M42:M48,M41) -> 455.50311 | O54: =M54-I54 -> 2.12124 | P54: =IF(OR(I54=0,M54=0),"",(O54/I54)) -> 0.004678705
B55: Ontario Electricity Rebate | G55: -0.235 | I55: =+I54*G55 -> -106.54474 | K55: -0.235 | M55: =+M54*K55 -> -107.04323 | O55: =M55-I55 -> -0.4984914 | P55: =IF(OR(I55=0,M55=0),"",(O55/I55)) -> 0.004678705
B56: HST | G56: 0.13 | I56: =I54*G56 -> 58.939643 | K56: 0.13 | M56: =M54*K56 -> 59.215404 | O56: =M56-I56 -> 0.2757612 | P56: =IF(OR(I56=0,M56=0),"",(O56/I56)) -> 0.004678705
B57: Total Bill on TOU (after Tax & Rebate) | I57: =SUM(I54:I56) -> 405.77677 | M57: =SUM(M54:M56) -> 407.67528 | O57: =M57-I57 -> 1.8985098 | P57: =IF(OR(I57=0,M57=0),"",(O57/I57)) -> 0.004678705
O58: =M58-I58 -> 0 | P58: =IF(OR(I58=0,M58=0),"",(O58/I58))
B59: Total Bill on RPP (before Taxes) | I59: =SUM(I49:I50,I41,I42:I45) -> 465.84187 | M59: =SUM(M49:M50,M41,M42:M45) -> 467.96311 | O59: =M59-I59 -> 2.12124 | P59: =IF(OR(I59=0,M59=0),"",(O59/I59)) -> 0.0045535623
B60: Ontario Electricity Rebate | G60: -0.235 | I60: =+I59*G60 -> -109.47284 | K60: -0.235 | M60: =+M59*K60 -> -109.97133 | O60: =M60-I60 -> -0.4984914 | P60: =IF(OR(I60=0,M60=0),"",(O60/I60)) -> 0.0045535623
B61: HST | G61: 0.13 | I61: =I59*G61 -> 60.559443 | K61: 0.13 | M61: =M59*K61 -> 60.835204 | O61: =M61-I61 -> 0.2757612 | P61: =IF(OR(I61=0,M61=0),"",(O61/I61)) -> 0.0045535623
B62: Total Bill on RPP (after Tax & Rebate) | I62: =SUM(I59:I61) -> 416.92847 | M62: =SUM(M59:M61) -> 418.82698 | O62: =M62-I62 -> 1.8985098 | P62: =IF(OR(I62=0,M62=0),"",(O62/I62)) -> 0.0045535623
B65: Loss Factor (%) | G65: 0.0295 | K65: 0.0295
B67: Appendix 2-W
B68: Bill Impacts
B71: Customer Class: | D71: GENERAL SERVICE LESS THAN 50 kW SERVICE
B73: TOU / non-TOU: | D73: TOU
D75: Consumption | G75: 2800 | H75: kWh
G77: 2026 OEB-Approved | K77: 2027 Proposed | O77: Impact
D78: Charge Unit | G78: Rate | H78: Volume | I78: Charge | K78: Rate | L78: Volume | M78: Charge | O78: $ Change | P78: % Change
G79: ($) | I79: ($) | K79: ($) | M79: ($)
B80: Service Charge | D80: per 30 days | G80: 43.7 | H80: 1 | I80: =H80*G80 -> 43.7 | K80: 43.7 | L80: 1 | M80: =L80*K80 -> 43.7 | O80: =M80-I80 -> 0 | P80: =IF(OR(I80=0,M80=0),"",(O80/I80)) -> 0
B81: Rate Rider for Disposition of Wireline Pole Attachment Revenue - effective until December 31, 2029 | D81: per kWh | G81: 5e-05 | H81: =$G$75 -> 2800 | I81: =H81*G81 -> 0.14 | K81: 5e-05 | L81: =$G$75 -> 2800 | M81: =L81*K81 -> 0.14 | O81: =M81-I81 -> 0 | P81: =IF(OR(I81=0,M81=0),"",(O81/I81)) -> 0
B82: Rate Rider for Disposition of Externally Driven Capital Variance Account - effective until December 31, 2029 | D82: per kWh | G82: 0 | H82: =$G$75 -> 2800 | I82: =H82*G82 -> 0 | K82: 0.00021 | L82: =$G$75 -> 2800 | M82: =L82*K82 -> 0.588 | O82: =M82-I82 -> 0.588 | P82: =IF(OR(I82=0,M82=0),"",(O82/I82))
B83: Rate Rider for Disposition of Wireless Pole Attachment Revenue - effective until December 31, 2029 | D83: per kWh | G83: -4e-05 | H83: =$G$75 -> 2800 | I83: =H83*G83 -> -0.112 | K83: -4e-05 | L83: =$G$75 -> 2800 | M83: =L83*K83 -> -0.112 | O83: =M83-I83 -> 0 | P83: =IF(OR(I83=0,M83=0),"",(O83/I83)) -> 0
B84: Rate Rider for Disposition of Change in Useful Life of Asset (2025) - effective until December 31, 2026 | D84: per kWh | G84: -0.00179 | H84: =$G$75 -> 2800 | I84: =H84*G84 -> -5.012 | K84: 0 | L84: =$G$75 -> 2800 | M84: =L84*K84 -> 0 | O84: =M84-I84 -> 5.012 | P84: =IF(OR(I84=0,M84=0),"",(O84/I84))
B85: Rate Rider for Disposition of Change in Useful Life of Assets (2025) - effective until December 31, 2028 | D85: per kWh | G85: -0.00043 | H85: =$G$75 -> 2800 | I85: =H85*G85 -> -1.204 | K85: -0.00043 | L85: =$G$75 -> 2800 | M85: =L85*K85 -> -1.204 | O85: =M85-I85 -> 0 | P85: =IF(OR(I85=0,M85=0),"",(O85/I85)) -> 0
B86: Rate Rider for Disposition of Change in Useful Life of Assets (2026) - effective until December 31, 2028 | D86: per kWh | G86: -0.00125 | H86: =$G$75 -> 2800 | I86: =H86*G86 -> -3.5 | K86: -0.00125 | L86: =$G$75 -> 2800 | M86: =L86*K86 -> -3.5 | O86: =M86-I86 -> 0 | P86: =IF(OR(I86=0,M86=0),"",(O86/I86)) -> 0
B87: Rate Rider for Disposition of Revenue Variance Account (2025) - effective until December 31, 2027 - Interim | D87: per kWh | G87: 0 | H87: =$G$75 -> 2800 | I87: =H87*G87 -> 0 | K87: -0.00134 | L87: =$G$75 -> 2800 | M87: =L87*K87 -> -3.752 | O87: =M87-I87 -> -3.752 | P87: =IF(OR(I87=0,M87=0),"",(O87/I87))
B88: Distribution Volumetric Rate | D88: per kWh | G88: 0.04778 | H88: =$G$75 -> 2800 | I88: =H88*G88 -> 133.784 | K88: 0.05005 | L88: =$G$75 -> 2800 | M88: =L88*K88 -> 140.14 | O88: =M88-I88 -> 6.356 | P88: =IF(OR(I88=0,M88=0),"",(O88/I88)) -> 0.047509418
B89: Sub-Total A (excluding pass through) | I89: =SUM(I80:I88) -> 167.796 | M89: =SUM(M80:M88) -> 176 | O89: =M89-I89 -> 8.204 | P89: =IF(OR(I89=0,M89=0),"",(O89/I89)) -> 0.048892703
B90: Line Losses on Cost of Power | D90: per kWh | G90: =G33 -> 0.12752 | H90: =$G$75*(1+G122)-$G$75 -> 82.6 | I90: =H90*G90 -> 10.533152 | K90: =K33 -> 0.12752 | L90: =$G$75*(1+K122)-$G$75 -> 82.6 | M90: =L90*K90 -> 10.533152 | O90: =M90-I90 -> 0 | P90: =IF(OR(I90=0,M90=0),"",(O90/I90)) -> 0
B91: =+RESIDENTIAL!$B$33 -> Rate Rider for Disposition of Deferral/Variance Accounts - effective until December 31, 2027 | D91: per kWh | G91: 0.00124 | H91: =+$G$75 -> 2800 | I91: =H91*G91 -> 3.472 | K91: -0.00104 | L91: =+$G$75 -> 2800 | M91: =L91*K91 -> -2.912 | O91: =M91-I91 -> -6.384 | P91: =IF(OR(I91=0,M91=0),"",(O91/I91)) -> -1.8387097
B92: =+RESIDENTIAL!$B$34 -> Rate Rider for Disposition of Capacity Based Recovery Account - Applicable only for Class B Customers - effective until December 31, 2027 | D92: per kWh | G92: 0.00048 | H92: =+$G$75 -> 2800 | I92: =H92*G92 -> 1.344 | K92: 0.00052 | L92: =+$G$75 -> 2800 | M92: =L92*K92 -> 1.456 | O92: =M92-I92 -> 0.112 | P92: =IF(OR(I92=0,M92=0),"",(O92/I92)) -> 0.083333333
B93: =+RESIDENTIAL!$B$35 -> Rate Rider for Disposition of Global Adjustment Account - Applicable only for Non-RPP Customers - effective until December 31, 2027 | D93: per kWh | G93: 0.00508 | I93: =H93*G93 -> 0 | K93: -0.00595 | M93: =L93*K93 -> 0 | O93: =M93-I93 -> 0 | P93: =IF(OR(I93=0,M93=0),"",(O93/I93))
B94: =B37 -> Rate Rider for Smart Metering Entity Charge - effective until December 31, 2029 | D94: per 30 days | G94: =G37 -> 0.41 | H94: 1 | I94: =H94*G94 -> 0.41 | K94: =K37 -> 0.41 | L94: 1 | M94: =L94*K94 -> 0.41 | O94: =M94-I94 -> 0 | P94: =IF(OR(I94=0,M94=0),"",(O94/I94)) -> 0
B95: Sub-Total B - Distribution (includes Sub-Total A) | I95: =SUM(I90:I94)+I89 -> 183.55515 | M95: =SUM(M90:M94)+M89 -> 185.48715 | O95: =M95-I95 -> 1.932 | P95: =IF(OR(I95=0,M95=0),"",(O95/I95)) -> 0.010525447
B96: Retail Transmission Rate - Network Service Rate | D96: per kWh | G96: 0.0131 | H96: =$G$75*(1+G122) -> 2882.6 | I96: =H96*G96 -> 37.76206 | K96: 0.01334 | L96: =$G$75*(1+K122) -> 2882.6 | M96: =L96*K96 -> 38.453884 | O96: =M96-I96 -> 0.691824 | P96: =IF(OR(I96=0,M96=0),"",(O96/I96)) -> 0.018320611
B97: Retail Transmission Rate - Line and Transformation Connection Service Rate | D97: per kWh | G97: 0.00801 | H97: =H96 -> 2882.6 | I97: =H97*G97 -> 23.089626 | K97: 0.00813 | L97: =L96 -> 2882.6 | M97: =L97*K97 -> 23.435538 | O97: =M97-I97 -> 0.345912 | P97: =IF(OR(I97=0,M97=0),"",(O97/I97)) -> 0.014981273
B98: Sub-Total C - Delivery (including Sub-Total B) | I98: =SUM(I95:I97) -> 244.40684 | M98: =SUM(M95:M97) -> 247.37657 | O98: =M98-I98 -> 2.969736 | P98: =IF(OR(I98=0,M98=0),"",(O98/I98)) -> 0.012150789
B99: Wholesale Market Service Charge (WMSC) | D99: per kWh | G99: 0.0041 | H99: =H96 -> 2882.6 | I99: =H99*G99 -> 11.81866 | K99: 0.0041 | L99: =L96 -> 2882.6 | M99: =L99*K99 -> 11.81866 | O99: =M99-I99 -> 0 | P99: =IF(OR(I99=0,M99=0),"",(O99/I99)) -> 0
B100: Rural and Remote Rate Protection (RRRP) | D100: per kWh | G100: 0.0006 | H100: =H96 -> 2882.6 | I100: =H100*G100 -> 1.72956 | K100: 0.0006 | L100: =L96 -> 2882.6 | M100: =L100*K100 -> 1.72956 | O100: =M100-I100 -> 0 | P100: =IF(OR(I100=0,M100=0),"",(O100/I100)) -> 0
B101: Capacity Based Recovery (CBR) - Applicable for Class B Customers | D101: per kWh | G101: 0.0006 | H101: =+H96 -> 2882.6 | I101: =H101*G101 -> 1.72956 | K101: 0.0006 | L101: =+L96 -> 2882.6 | M101: =L101*K101 -> 1.72956 | O101: =M101-I101 -> 0 | P101: =IF(OR(I101=0,M101=0),"",(O101/I101)) -> 0
B102: Standard Supply Service Charge | D102: per 30 days | G102: 0.25 | H102: 1 | I102: =H102*G102 -> 0.25 | K102: 0.25 | L102: 1 | M102: =L102*K102 -> 0.25 | O102: =M102-I102 -> 0 | P102: =IF(OR(I102=0,M102=0),"",(O102/I102)) -> 0
B103: TOU - Off Peak | D103: per kWh | G103: 0.098 | H103: =$G$75*$D$124 -> 1792 | I103: =H103*G103 -> 175.616 | K103: 0.098 | L103: =$G$75*$D$124 -> 1792 | M103: =L103*K103 -> 175.616 | O103: =M103-I103 -> 0 | P103: =IF(OR(I103=0,M103=0),"",(O103/I103)) -> 0
B104: TOU - Mid Peak | D104: per kWh | G104: 0.157 | H104: =$G$75*$D$125 -> 504 | I104: =H104*G104 -> 79.128 | K104: 0.157 | L104: =$G$75*$D$125 -> 504 | M104: =L104*K104 -> 79.128 | O104: =M104-I104 -> 0 | P104: =IF(OR(I104=0,M104=0),"",(O104/I104)) -> 0
B105: TOU - On Peak | D105: per kWh | G105: 0.203 | H105: =$G$75*$D$126 -> 504 | I105: =H105*G105 -> 102.312 | K105: 0.203 | L105: =$G$75*$D$126 -> 504 | M105: =L105*K105 -> 102.312 | O105: =M105-I105 -> 0 | P105: =IF(OR(I105=0,M105=0),"",(O105/I105)) -> 0
B106: Energy - RPP - Tier 1 | D106: per kWh | G106: 0.12 | H106: =IF(AND($N$1=1, $G$75>=750), 750, IF(AND($N$1=1, AND($G$75<750, $G$75>=0)), $G$75, IF(AND($N$1=2, $G$75>=1000), 1000, IF(AND($N$1=2, AND($G$75<1000, $G$75>=0)), $G$75)))) -> 750 | I106: =H106*G106 -> 90 | K106: 0.12 | L106: =IF(AND($N$1=1, $G$75>=750), 750, IF(AND($N$1=1, AND($G$75<750, $G$75>=0)), $G$75, IF(AND($N$1=2, $G$75>=1000), 1000, IF(AND($N$1=2, AND($G$75<1000, $G$75>=0)), $G$75)))) -> 750 | M106: =L106*K106 -> 90 | O106: =M106-I106 -> 0 | P106: =IF(OR(I106=0,M106=0),"",(O106/I106)) -> 0
B107: Energy - RPP - Tier 2 | D107: per kWh | G107: 0.142 | H107: =IF(AND($N$1=1, $G$75>=750), $G$75-750, IF(AND($N$1=1, AND($G$75<750, $G$75>=0)), 0, IF(AND($N$1=2, $G$75>=1000), $G$75-1000, IF(AND($N$1=2, AND($G$75<1000, $G$75>=0)), 0)))) -> 2050 | I107: =H107*G107 -> 291.1 | K107: 0.142 | L107: =IF(AND($N$1=1, $G$75>=750), $G$75-750, IF(AND($N$1=1, AND($G$75<750, $G$75>=0)), 0, IF(AND($N$1=2, $G$75>=1000), $G$75-1000, IF(AND($N$1=2, AND($G$75<1000, $G$75>=0)), 0)))) -> 2050 | M107: =L107*K107 -> 291.1 | O107: =M107-I107 -> 0 | P107: =IF(OR(I107=0,M107=0),"",(O107/I107)) -> 0
B108: Non-RPP Retailer Avg. Price | D108: per kWh | G108: 0.1197 | I108: =H108*G108 -> 0 | K108: 0.1197 | M108: =L108*K108 -> 0 | O108: =M108-I108 -> 0 | P108: =IF(OR(I108=0,M108=0),"",(O108/I108))
B109: Average IESO Wholesale Market Price | D109: per kWh | G109: =G108 -> 0.1197 | I109: =H109*G109 -> 0 | K109: =K108 -> 0.1197 | M109: =L109*K109 -> 0 | O109: =M109-I109 -> 0 | P109: =IF(OR(I109=0,M109=0),"",(O109/I109))
O110: =M110-I110 -> 0 | P110: =IF(OR(I110=0,M110=0),"",(O110/I110))
B111: Total Bill on TOU (before Taxes) | I111: =SUM(I99:I105,I98) -> 616.99062 | M111: =SUM(M99:M105,M98) -> 619.96035 | O111: =M111-I111 -> 2.969736 | P111: =IF(OR(I111=0,M111=0),"",(O111/I111)) -> 0.0048132596
B112: Ontario Electricity Rebate | G112: -0.235 | I112: =+I111*G112 -> -144.9928 | K112: -0.235 | M112: =+M111*K112 -> -145.69068 | O112: =M112-I112 -> -0.69788796 | P112: =IF(OR(I112=0,M112=0),"",(O112/I112)) -> 0.0048132596
B113: HST | G113: 0.13 | I113: =I111*G113 -> 80.20878 | K113: 0.13 | M113: =M111*K113 -> 80.594846 | O113: =M113-I113 -> 0.38606568 | P113: =IF(OR(I113=0,M113=0),"",(O113/I113)) -> 0.0048132596
B114: Total Bill on TOU (after Tax & Rebate) | I114: =SUM(I111:I113) -> 552.2066 | M114: =SUM(M111:M113) -> 554.86452 | O114: =M114-I114 -> 2.6579137 | P114: =IF(OR(I114=0,M114=0),"",(O114/I114)) -> 0.0048132596
O115: =M115-I115 -> 0 | P115: =IF(OR(I115=0,M115=0),"",(O115/I115))
B116: Total Bill on RPP (before Taxes) | I116: =SUM(I106:I107,I98,I99:I102) -> 641.03462 | M116: =SUM(M106:M107,M98,M99:M102) -> 644.00435 | O116: =M116-I116 -> 2.969736 | P116: =IF(OR(I116=0,M116=0),"",(O116/I116)) -> 0.0046327233
B117: Ontario Electricity Rebate | G117: -0.235 | I117: =+I116*G117 -> -150.64314 | K117: -0.235 | M117: =+M116*K117 -> -151.34102 | O117: =M117-I117 -> -0.69788796 | P117: =IF(OR(I117=0,M117=0),"",(O117/I117)) -> 0.0046327233
B118: HST | G118: 0.13 | I118: =I116*G118 -> 83.3345 | K118: 0.13 | M118: =M116*K118 -> 83.720566 | O118: =M118-I118 -> 0.38606568 | P118: =IF(OR(I118=0,M118=0),"",(O118/I118)) -> 0.0046327233
B119: Total Bill on RPP (after Tax & Rebate) | I119: =SUM(I116:I118) -> 573.72598 | M119: =SUM(M116:M118) -> 576.3839 | O119: =M119-I119 -> 2.6579137 | P119: =IF(OR(I119=0,M119=0),"",(O119/I119)) -> 0.0046327233
O120: =M120-I120 -> 0 | P120: =IF(OR(I120=0,M120=0),"",(O120/I120))
B122: Loss Factor (%) | G122: 0.0295 | K122: 0.0295
...

Sheet GS 50-999 kW
N1: 1 | O1: 1 | U1: 1 | V1: 1 | AC1: 1 | AD1: 1 | AJ1: 1 | AK1: 1
B10: Appendix 2-W
B11: Bill Impacts | O11: 0.64 | P11: TOU - Off Peak | V11: 0.64 | W11: TOU - Off Peak | AD11: 0.64 | AE11: TOU - Off Peak | AK11: 0.64 | AL11: TOU - Off Peak
O12: 0.18 | P12: TOU - Mid Peak | V12: 0.18 | W12: TOU - Mid Peak | AD12: 0.18 | AE12: TOU - Mid Peak | AK12: 0.18 | AL12: TOU - Mid Peak
O13: 0.18 | P13: TOU - On Peak | V13: 0.18 | W13: TOU - On Peak | AD13: 0.18 | AE13: TOU - On Peak | AK13: 0.18 | AL13: TOU - On Peak
B14: Customer Class: | D14: GENERAL SERVICE 50 TO 999 kW SERVICE
B16: TOU / non-TOU: | D16: non-TOU | G16: SPOT Class B
G17: 180 | H17: kW
G18: 200 | H18: kVA
D19: Consumption | G19: 79000 | H19: kWh
G20: 2026 OEB-Approved | K20: 2027 Proposed | O20: Impact
D21: Charge Unit | G21: Rate | H21: Volume | I21: Charge | K21: Rate | L21: Volume | M21: Charge | O21: $ Change | P21: % Change
G22: ($) | I22: ($) | K22: ($) | M22: ($)
B23: Service Charge | D23: per 30 days | G23: 64.3 | H23: 1 | I23: =H23*G23 -> 64.3 | K23: 66.59 | L23: 1 | M23: =L23*K23 -> 66.59 | O23: =M23-I23 -> 2.29 | P23: =IF(OR(I23=0,M23=0),"",(O23/I23)) -> 0.035614308
B24: Rate Rider for Disposition of Wireline Pole Attachment Revenue - effective until December 31, 2029 | D24: per kVA | G24: 0.0063 | H24: =$G$18 -> 200 | I24: =H24*G24 -> 1.26 | K24: 0.0063 | L24: =$G$18 -> 200 | M24: =L24*K24 -> 1.26 | O24: =M24-I24 -> 0 | P24: =IF(OR(I24=0,M24=0),"",(O24/I24)) -> 0
B25: Rate Rider for Disposition of Excess Expansion Deposits - effective until December 31, 2029 | D25: per kVA | G25: -0.0472 | H25: =$G$18 -> 200 | I25: =H25*G25 -> -9.44 | K25: -0.0472 | L25: =$G$18 -> 200 | M25: =L25*K25 -> -9.44 | O25: =M25-I25 -> 0 | P25: =IF(OR(I25=0,M25=0),"",(O25/I25)) -> 0
B26: Rate Rider for Disposition of Externally Driven Capital Variance Account - effective until December 31, 2029 | D26: per kVA | G26: 0 | H26: =$G$18 -> 200 | I26: =H26*G26 -> 0 | K26: 0.0349 | L26: =$G$18 -> 200 | M26: =L26*K26 -> 6.98 | O26: =M26-I26 -> 6.98 | P26: =IF(OR(I26=0,M26=0),"",(O26/I26))
B27: Rate Rider for Disposition of Wireless Pole Attachment Revenue - effective until December 31, 2029 | D27: per kVA | G27: -0.0052 | H27: =$G$18 -> 200 | I27: =H27*G27 -> -1.04 | K27: -0.0052 | L27: =$G$18 -> 200 | M27: =L27*K27 -> -1.04 | O27: =M27-I27 -> 0 | P27: =IF(OR(I27=0,M27=0),"",(O27/I27)) -> 0
B28: Rate Rider for Disposition of Change in Useful Life of Asset (2025) - effective until December 31, 2026 | D28: per kVA | G28: -0.3006 | H28: =$G$18 -> 200 | I28: =H28*G28 -> -60.12 | K28: 0 | L28: =$G$18 -> 200 | M28: =L28*K28 -> 0 | O28: =M28-I28 -> 60.12 | P28: =IF(OR(I28=0,M28=0),"",(O28/I28))
B29: Rate Rider for Disposition of Change in Useful Life of Assets (2025) - effective until December 31, 2028 | D29: per kVA | G29: -0.0726 | H29: =$G$18 -> 200 | I29: =H29*G29 -> -14.52 | K29: -0.0726 | L29: =$G$18 -> 200 | M29: =L29*K29 -> -14.52 | O29: =M29-I29 -> 0 | P29: =IF(OR(I29=0,M29=0),"",(O29/I29)) -> 0
B30: Rate Rider for Disposition of Change in Useful Life of Assets (2026) - effective until December 31, 2028 | D30: per kVA | G30: -0.2109 | H30: =$G$18 -> 200 | I30: =H30*G30 -> -42.18 | K30: -0.2109 | L30: =$G$18 -> 200 | M30: =L30*K30 -> -42.18 | O30: =M30-I30 -> 0 | P30: =IF(OR(I30=0,M30=0),"",(O30/I30)) -> 0
B31: Rate Rider for Disposition of Revenue Variance Account (2025) - effective until December 31, 2027 - Interim | D31: per kVA | G31: 0 | H31: =$G$18 -> 200 | I31: =H31*G31 -> 0 | K31: -0.2433 | L31: =$G$18 -> 200 | M31: =L31*K31 -> -48.66 | O31: =M31-I31 -> -48.66 | P31: =IF(OR(I31=0,M31=0),"",(O31/I31))
B32: Distribution Volumetric Rate | D32: per kVA | G32: 10.517 | H32: =$G$18 -> 200 | I32: =H32*G32 -> 2103.4 | K32: 10.8836 | L32: =$G$18 -> 200 | M32: =L32*K32 -> 2176.72 | O32: =M32-I32 -> 73.32 | P32: =IF(OR(I32=0,M32=0),"",(O32/I32)) -> 0.034857849
B33: Sub-Total A (excluding pass through) | I33: =SUM(I23:I32) -> 2041.66 | M33: =SUM(M23:M32) -> 2135.71 | O33: =M33-I33 -> 94.05 | P33: =IF(OR(I33=0,M33=0),"",(O33/I33)) -> 0.046065457
B34: Line Losses on Cost of Power | D34: per kWh | G34: =G53 -> 0.1197 | H34: =$G$19*(1+G66)-$G$19 -> 2330.5 | I34: =H34*G34 -> 278.96085 | K34: =K53 -> 0.1197 | L34: =$G$19*(1+K66)-$G$19 -> 2330.5 | M34: =L34*K34 -> 278.96085 | O34: =M34-I34 -> 0 | P34: =IF(OR(I34=0,M34=0),"",(O34/I34)) -> 0
B35: =+RESIDENTIAL!$B$33 -> Rate Rider for Disposition of Deferral/Variance Accounts - effective until December 31, 2027 | D35: per kVA | G35: 0.4088 | H35: =$G$18 -> 200 | I35: =H35*G35 -> 81.76 | K35: 0.0113 | L35: =$G$18 -> 200 | M35: =L35*K35 -> 2.26 | O35: =M35-I35 -> -79.5 | P35: =IF(OR(I35=0,M35=0),"",(O35/I35)) -> -0.97235812
B36: Rate Rider for Disposition of Deferral/Variance Accounts for Non-Wholesale Market Participants - effective until December 31, 2027 | D36: per kVA | G36: 0.0941 | H36: =$G$18 -> 200 | I36: =H36*G36 -> 18.82 | K36: -0.4165 | L36: =$G$18 -> 200 | M36: =L36*K36 -> -83.3 | O36: =M36-I36 -> -102.12 | P36: =IF(OR(I36=0,M36=0),"",(O36/I36)) -> -5.4261424
B37: =+RESIDENTIAL!$B$34 -> Rate Rider for Disposition of Capacity Based Recovery Account - Applicable only for Class B Customers - effective until December 31, 2027 | D37: per kVA | G37: 0.1892 | H37: =$G$18 -> 200 | I37: =H37*G37 -> 37.84 | K37: 0.2069 | L37: =$G$18 -> 200 | M37: =L37*K37 -> 41.38 | O37: =M37-I37 -> 3.54 | P37: =IF(OR(I37=0,M37=0),"",(O37/I37)) -> 0.093551797
B38: =+RESIDENTIAL!$B$35 -> Rate Rider for Disposition of Global Adjustment Account - Applicable only for Non-RPP Customers - effective until December 31, 2027 | D38: per kWh | G38: 0.00508 | H38: =+$G$19 -> 79000 | I38: =H38*G38 -> 401.32 | K38: -0.00595 | L38: =+$G$19 -> 79000 | M38: =L38*K38 -> -470.05 | O38: =M38-I38 -> -871.37 | P38: =IF(OR(I38=0,M38=0),"",(O38/I38)) -> -2.1712598
B39: Sub-Total B - Distribution (includes Sub-Total A) | I39: =SUM(I34:I38)+I33 -> 2860.3609 | M39: =SUM(M34:M38)+M33 -> 1904.9608 | O39: =M39-I39 -> -955.4 | P39: =IF(OR(I39=0,M39=0),"",(O39/I39)) -> -0.3340138
B40: Retail Transmission Rate - Network Service Rate | D40: per kW | G40: 4.4306 | H40: =+$G$17 -> 180 | I40: =H40*G40 -> 797.508 | K40: 4.5129 | L40: =+$G$17 -> 180 | M40: =L40*K40 -> 812.322 | O40: =M40-I40 -> 14.814 | P40: =IF(OR(I40=0,M40=0),"",(O40/I40)) -> 0.018575362
B41: Retail Transmission Rate - Line and Transformation Connection Service Rate | D41: per kW | G41: 2.8938 | H41: =+$G$17 -> 180 | I41: =H41*G41 -> 520.884 | K41: 2.9371 | L41: =+$G$17 -> 180 | M41: =L41*K41 -> 528.678 | O41: =M41-I41 -> 7.794 | P41: =IF(OR(I41=0,M41=0),"",(O41/I41)) -> 0.014963024
B42: Sub-Total C - Delivery (including Sub-Total B) | I42: =SUM(I39:I41) -> 4178.7528 | M42: =SUM(M39:M41) -> 3245.9608 | O42: =M42-I42 -> -932.792 | P42: =IF(OR(I42=0,M42=0),"",(O42/I42)) -> -0.22322258
B43: Wholesale Market Service Charge (WMSC) | D43: per kWh | G43: 0.0041 | H43: =+$G$19*(1+G66) -> 81330.5 | I43: =H43*G43 -> 333.45505 | K43: 0.0041 | L43: =+$G$19*(1+K66) -> 81330.5 | M43: =L43*K43 -> 333.45505 | O43: =M43-I43 -> 0 | P43: =IF(OR(I43=0,M43=0),"",(O43/I43)) -> 0
B44: Rural and Remote Rate Protection (RRRP) | D44: per kWh | G44: 0.0006 | H44: =+H43 -> 81330.5 | I44: =H44*G44 -> 48.7983 | K44: 0.0006 | L44: =+L43 -> 81330.5 | M44: =L44*K44 -> 48.7983 | O44: =M44-I44 -> 0 | P44: =IF(OR(I44=0,M44=0),"",(O44/I44)) -> 0
B45: Capacity Based Recovery (CBR) - Applicable for Class B Customers | D45: per kWh | G45: 0.0006 | H45: =+H43 -> 81330.5 | I45: =H45*G45 -> 48.7983 | K45: 0.0006 | L45: =+L43 -> 81330.5 | M45: =L45*K45 -> 48.7983 | O45: =M45-I45 -> 0 | P45: =IF(OR(I45=0,M45=0),"",(O45/I45)) -> 0
B46: Standard Supply Service Charge | D46: per 30 days | G46: 0.25 | H46: 1 | I46: =H46*G46 -> 0.25 | K46: 0.25 | L46: 1 | M46: =L46*K46 -> 0.25 | O46: =M46-I46 -> 0 | P46: =IF(OR(I46=0,M46=0),"",(O46/I46)) -> 0
B47: TOU - Off Peak | D47: per kWh | G47: 0.098 | H47: =$D$69*$G$19 -> 50560 | I47: =H47*G47 -> 4954.88 | K47: 0.098 | L47: =$D$69*$G$19 -> 50560 | M47: =L47*K47 -> 4954.88 | O47: =M47-I47 -> 0 | P47: =IF(OR(I47=0,M47=0),"",(O47/I47)) -> 0
B48: TOU - Mid Peak | D48: per kWh | G48: 0.157 | H48: =$D$70*$G$19 -> 14220 | I48: =H48*G48 -> 2232.54 | K48: 0.157 | L48: =$D$70*$G$19 -> 14220 | M48: =L48*K48 -> 2232.54 | O48: =M48-I48 -> 0 | P48: =IF(OR(I48=0,M48=0),"",(O48/I48)) -> 0
B49: TOU - On Peak | D49: per kWh | G49: 0.203 | H49: =$D$71*$G$19 -> 14220 | I49: =H49*G49 -> 2886.66 | K49: 0.203 | L49: =$D$71*$G$19 -> 14220 | M49: =L49*K49 -> 2886.66 | O49: =M49-I49 -> 0 | P49: =IF(OR(I49=0,M49=0),"",(O49/I49)) -> 0
B50: Energy - RPP - Tier 1 | D50: per kWh | G50: 0.12 | H50: =IF(AND($N$1=1, $G$19>=750), 750, IF(AND($N$1=1, AND($G$19<750, $G$19>=0)), $G$19, IF(AND($N$1=2, $G$19>=750), 750, IF(AND($N$1=2, AND($G$19<750, $G$19>=0)), $G$19)))) -> 750 | I50: =H50*G50 -> 90 | K50: 0.12 | L50: =IF(AND($N$1=1, $G$19>=750), 750, IF(AND($N$1=1, AND($G$19<750, $G$19>=0)), $G$19, IF(AND($N$1=2, $G$19>=750), 750, IF(AND($N$1=2, AND($G$19<750, $G$19>=0)), $G$19)))) -> 750 | M50: =L50*K50 -> 90 | O50: =M50-I50 -> 0 | P50: =IF(OR(I50=0,M50=0),"",(O50/I50)) -> 0
B51: Energy - RPP - Tier 2 | D51: per kWh | G51: 0.142 | H51: =IF(AND($N$1=1, $G$19>=750), $G$19-750, IF(AND($N$1=1, AND($G$19<750, $G$19>=0)), 0, IF(AND($N$1=2, $G$19>=750), $G$19-750, IF(AND($N$1=2, AND($G$19<750, $G$19>=0)), 0)))) -> 78250 | I51: =H51*G51 -> 11111.5 | K51: 0.142 | L51: =IF(AND($N$1=1, $G$19>=750), $G$19-750, IF(AND($N$1=1, AND($G$19<750, $G$19>=0)), 0, IF(AND($N$1=2, $G$19>=750), $G$19-750, IF(AND($N$1=2, AND($G$19<750, $G$19>=0)), 0)))) -> 78250 | M51: =L51*K51 -> 11111.5 | O51: =M51-I51 -> 0 | P51: =IF(OR(I51=0,M51=0),"",(O51/I51)) -> 0
B52: Non-RPP Retailer Avg. Price | D52: per kWh | G52: 0.1197 | H52: 0 | I52: =H52*G52 -> 0 | K52: 0.1197 | L52: 0 | M52: =L52*K52 -> 0 | O52: =M52-I52 -> 0 | P52: =IF(OR(I52=0,M52=0),"",(O52/I52))
B53: Average IESO Wholesale Market Price | D53: per kWh | G53: =G52 -> 0.1197 | H53: =+$G$19 -> 79000 | I53: =H53*G53 -> 9456.3 | K53: =K52 -> 0.1197 | L53: =+$G$19 -> 79000 | M53: =L53*K53 -> 9456.3 | O53: =M53-I53 -> 0 | P53: =IF(OR(I53=0,M53=0),"",(O53/I53)) -> 0
O54: =M54-I54 -> 0 | P54: =IF(OR(I54=0,M54=0),"",(O54/I54))
B55: Total Bill on Average IESO Wholesale Market Price (before Taxes) | I55: =SUM(I42:I46,I53) -> 14066.354 | M55: =SUM(M42:M46,M53) -> 13133.562 | O55: =M55-I55 -> -932.792 | P55: =IF(OR(I55=0,M55=0),"",(O55/I55)) -> -0.066313699
B56: Ontario Electricity Rebate | G56: -0.235 | K56: -0.235 | O56: =M56-I56 -> 0 | P56: =IF(OR(I56=0,M56=0),"",(O56/I56))
B57: HST | G57: 0.13 | I57: =I55*G57 -> 1828.6261 | K57: 0.13 | M57: =M55*K57 -> 1707.3631 | O57: =M57-I57 -> -121.26296 | P57: =IF(OR(I57=0,M57=0),"",(O57/I57)) -> -0.066313699
B58: Total Bill on Average IESO Wholesale Market Price (after Tax and Rebate) | I58: =SUM(I55:I57) -> 15894.981 | M58: =SUM(M55:M57) -> 14840.926 | O58: =M58-I58 -> -1054.055 | P58: =IF(OR(I58=0,M58=0),"",(O58/I58)) -> -0.066313699
O59: =M59-I59 -> 0 | P59: =IF(OR(I59=0,M59=0),"",(O59/I59))
B60: Total Bill on RPP (before Taxes) | I60: =SUM(I50:I51,I42,I43:I46) -> 15811.554 | M60: =SUM(M50:M51,M42,M43:M46) -> 14878.762 | O60: =M60-I60 -> -932.792 | P60: =IF(OR(I60=0,M60=0),"",(O60/I60)) -> -0.058994326
B61: Ontario Electricity Rebate | G61: -0.235 | K61: -0.235 | O61: =M61-I61 -> 0 | P61: =IF(OR(I61=0,M61=0),"",(O61/I61))
B62: HST | G62: 0.13 | I62: =I60*G62 -> 2055.5021 | K62: 0.13 | M62: =M60*K62 -> 1934.2391 | O62: =M62-I62 -> -121.26296 | P62: =IF(OR(I62=0,M62=0),"",(O62/I62)) -> -0.058994326
B63: Total Bill on RPP (after Tax and Rebate) | I63: =SUM(I60:I62) -> 17867.057 | M63: =SUM(M60:M62) -> 16813.002 | O63: =M63-I63 -> -1054.055 | P63: =IF(OR(I63=0,M63=0),"",(O63/I63)) -> -0.058994326
B66: Loss Factor (%) | G66: 0.0295 | K66: 0.0295
D69: 0.64 | E69: TOU - Off Peak
D70: 0.18 | E70: TOU - Mid Peak
D71: 0.18 | E71: TOU - On Peak

Sheet GS 1,000-4,999 kW
N1: 1 | U1: 2 | AC1: 2 | AJ1: 2
B10: Appendix 2-W
B11: Bill Impacts
B14: Customer Class: | D14: GENERAL SERVICE 1,000 TO 4,999 kW SERVICE
B16: TOU / non-TOU: | D16: non-TOU | G16: SPOT Class A Non-WMP
G17: 1700 | H17: kW
G18: 1900 | H18: kVA
D19: Consumption | G19: 900000 | H19: kWh
G20: 2026 OEB-Approved | K20: 2027 Proposed | O20: Impact
D21: Charge Unit | G21: Rate | H21: Volume | I21: Charge | K21: Rate | L21: Volume | M21: Charge | O21: $ Change | P21: % Change
G22: ($) | I22: ($) | K22: ($) | M22: ($)
B23: Service Charge | D23: per 30 days | G23: 1094.15 | H23: 1 | I23: =H23*G23 -> 1094.15 | K23: 1094.15 | L23: 1 | M23: =L23*K23 -> 1094.15 | O23: =M23-I23 -> 0 | P23: =IF(OR(I23=0,M23=0),"",(O23/I23)) -> 0
B24: Rate Rider for Disposition of Wireline Pole Attachment Revenue - effective until December 31, 2029 | D24: per kVA | G24: 0.0047 | H24: =$G$18 -> 1900 | I24: =H24*G24 -> 8.93 | K24: 0.0047 | L24: =$G$18 -> 1900 | M24: =L24*K24 -> 8.93 | O24: =M24-I24 -> 0 | P24: =IF(OR(I24=0,M24=0),"",(O24/I24)) -> 0
B25: Rate Rider for Disposition of Excess Expansion Deposits - effective until December 31, 2029 | D25: per kVA | G25: -0.0403 | H25: =$G$18 -> 1900 | I25: =H25*G25 -> -76.57 | K25: -0.0403 | L25: =$G$18 -> 1900 | M25: =L25*K25 -> -76.57 | O25: =M25-I25 -> 0 | P25: =IF(OR(I25=0,M25=0),"",(O25/I25)) -> 0
B26: Rate Rider for Disposition of Externally Driven Capital Variance Account - effective until December 31, 2029 | D26: per kVA | G26: 0 | H26: =$G$18 -> 1900 | I26: =H26*G26 -> 0 | K26: 0.0299 | L26: =$G$18 -> 1900 | M26: =L26*K26 -> 56.81 | O26: =M26-I26 -> 56.81 | P26: =IF(OR(I26=0,M26=0),"",(O26/I26))
B27: Rate Rider for Disposition of Wireless Pole Attachment Revenue - effective until December 31, 2029 | D27: per kVA | G27: -0.0039 | H27: =$G$18 -> 1900 | I27: =H27*G27 -> -7.41 | K27: -0.0039 | L27: =$G$18 -> 1900 | M27: =L27*K27 -> -7.41 | O27: =M27-I27 -> 0 | P27: =IF(OR(I27=0,M27=0),"",(O27/I27)) -> 0
B28: Rate Rider for Disposition of Change in Useful Life of Asset (2025) - effective until December 31, 2026 | D28: per kVA | G28: -0.2568 | H28: =$G$18 -> 1900 | I28: =H28*G28 -> -487.92 | K28: 0 | L28: =$G$18 -> 1900 | M28: =L28*K28 -> 0 | O28: =M28-I28 -> 487.92 | P28: =IF(OR(I28=0,M28=0),"",(O28/I28))
B29: Rate Rider for Disposition of Change in Useful Life of Assets (2025) - effective until December 31, 2028 | D29: per kVA | G29: -0.0621 | H29: =$G$18 -> 1900 | I29: =H29*G29 -> -117.99 | K29: -0.0621 | L29: =$G$18 -> 1900 | M29: =L29*K29 -> -117.99 | O29: =M29-I29 -> 0 | P29: =IF(OR(I29=0,M29=0),"",(O29/I29)) -> 0
B30: Rate Rider for Disposition of Change in Useful Life of Assets (2026) - effective until December 31, 2028 | D30: per kVA | G30: -0.1802 | H30: =$G$18 -> 1900 | I30: =H30*G30 -> -342.38 | K30: -0.1802 | L30: =$G$18 -> 1900 | M30: =L30*K30 -> -342.38 | O30: =M30-I30 -> 0 | P30: =IF(OR(I30=0,M30=0),"",(O30/I30)) -> 0
B31: Rate Rider for Disposition of Revenue Variance Account (2025) - effective until December 31, 2027 - Interim | D31: per kVA | G31: 0 | H31: =$G$18 -> 1900 | I31: =H31*G31 -> 0 | K31: -0.2113 | L31: =$G$18 -> 1900 | M31: =L31*K31 -> -401.47 | O31: =M31-I31 -> -401.47 | P31: =IF(OR(I31=0,M31=0),"",(O31/I31))
B32: Distribution Volumetric Rate | D32: per kVA | G32: 8.7311 | H32: =$G$18 -> 1900 | I32: =H32*G32 -> 16589.09 | K32: 9.0479 | L32: =$G$18 -> 1900 | M32: =L32*K32 -> 17191.01 | O32: =M32-I32 -> 601.92 | P32: =IF(OR(I32=0,M32=0),"",(O32/I32)) -> 0.036284088
B33: Sub-Total A (excluding pass through) | I33: =SUM(I23:I32) -> 16659.9 | M33: =SUM(M23:M32) -> 17405.08 | O33: =M33-I33 -> 745.18 | P33: =IF(OR(I33=0,M33=0),"",(O33/I33)) -> 0.04472896
B34: Line Losses on Cost of Power | D34: per kWh | G34: =G52 -> 0.1197 | H34: =$G$19*(1+G65)-$G$19 -> 26550 | I34: =H34*G34 -> 3178.035 | K34: =K52 -> 0.1197 | L34: =$G$19*(1+K65)-$G$19 -> 26550 | M34: =L34*K34 -> 3178.035 | O34: =M34-I34 -> 0 | P34: =IF(OR(I34=0,M34=0),"",(O34/I34)) -> 0
B35: =+RESIDENTIAL!$B$33 -> Rate Rider for Disposition of Deferral/Variance Accounts - effective until December 31, 2027 | D35: per kVA | G35: 0.6206 | H35: =$G$18 -> 1900 | I35: =H35*G35 -> 1179.14 | K35: -0.4556 | L35: =$G$18 -> 1900 | M35: =L35*K35 -> -865.64 | O35: =M35-I35 -> -2044.78 | P35: =IF(OR(I35=0,M35=0),"",(O35/I35)) -> -1.7341283
B36: =+RESIDENTIAL!$B$34 -> Rate Rider for Disposition of Capacity Based Recovery Account - Applicable only for Class B Customers - effective until December 31, 2027 | D36: per kVA | G36: 0.1847 | I36: =H36*G36 -> 0 | K36: 0.2213 | M36: =L36*K36 -> 0 | O36: =M36-I36 -> 0 | P36: =IF(OR(I36=0,M36=0),"",(O36/I36))
B37: =+RESIDENTIAL!$B$35 -> Rate Rider for Disposition of Global Adjustment Account - Applicable only for Non-RPP Customers - effective until December 31, 2027 | D37: per kWh | G37: 0.00508 | I37: =H37*G37 -> 0 | K37: -0.00595 | M37: =L37*K37 -> 0 | O37: =M37-I37 -> 0 | P37: =IF(OR(I37=0,M37=0),"",(O37/I37))
B38: Sub-Total B - Distribution (includes Sub-Total A) | I38: =SUM(I34:I37)+I33 -> 21017.075 | M38: =SUM(M34:M37)+M33 -> 19717.475 | O38: =M38-I38 -> -1299.6 | P38: =IF(OR(I38=0,M38=0),"",(O38/I38)) -> -0.061835436
B39: Retail Transmission Rate - Network Service Rate | D39: per kW | G39: 4.2809 | H39: =$G$17 -> 1700 | I39: =H39*G39 -> 7277.53 | K39: 4.3604 | L39: =$G$17 -> 1700 | M39: =L39*K39 -> 7412.68 | O39: =M39-I39 -> 135.15 | P39: =IF(OR(I39=0,M39=0),"",(O39/I39)) -> 0.018570861
B40: Retail Transmission Rate - Line and Transformation Connection Service Rate | D40: per kW | G40: 2.8908 | H40: =$G$17 -> 1700 | I40: =H40*G40 -> 4914.36 | K40: 2.934 | L40: =$G$17 -> 1700 | M40: =L40*K40 -> 4987.8 | O40: =M40-I40 -> 73.44 | P40: =IF(OR(I40=0,M40=0),"",(O40/I40)) -> 0.01494396
B41: Sub-Total C - Delivery (including Sub-Total B) | I41: =SUM(I38:I40) -> 33208.965 | M41: =SUM(M38:M40) -> 32117.955 | O41: =M41-I41 -> -1091.01 | P41: =IF(OR(I41=0,M41=0),"",(O41/I41)) -> -0.032852876
B42: Wholesale Market Service Charge (WMSC) | D42: per kWh | G42: 0.0041 | H42: =+$G$19*(1+G65) -> 926550 | I42: =H42*G42 -> 3798.855 | K42: 0.0041 | L42: =+$G$19*(1+K65) -> 926550 | M42: =L42*K42 -> 3798.855 | O42: =M42-I42 -> 0 | P42: =IF(OR(I42=0,M42=0),"",(O42/I42)) -> 0
B43: Rural and Remote Rate Protection (RRRP) | D43: per kWh | G43: 0.0006 | H43: =+H42 -> 926550 | I43: =H43*G43 -> 555.93 | K43: 0.0006 | L43: =+L42 -> 926550 | M43: =L43*K43 -> 555.93 | O43: =M43-I43 -> 0 | P43: =IF(OR(I43=0,M43=0),"",(O43/I43)) -> 0
B44: Capacity Based Recovery (CBR) - Applicable for Class B Customers | D44: per kWh | G44: 0.0006 | I44: =H44*G44 -> 0 | K44: 0.0006 | M44: =L44*K44 -> 0 | O44: =M44-I44 -> 0 | P44: =IF(OR(I44=0,M44=0),"",(O44/I44))
B45: Standard Supply Service Charge | D45: per 30 days | G45: 0.25 | H45: 1 | I45: =H45*G45 -> 0.25 | K45: 0.25 | L45: 1 | M45: =L45*K45 -> 0.25 | O45: =M45-I45 -> 0 | P45: =IF(OR(I45=0,M45=0),"",(O45/I45)) -> 0
B46: TOU - Off Peak | D46: per kWh | G46: 0.098 | H46: =$D$126*$G$19 -> 576000 | I46: =H46*G46 -> 56448 | K46: 0.098 | L46: =$D$126*$G$19 -> 576000 | M46: =L46*K46 -> 56448 | O46: =M46-I46 -> 0 | P46: =IF(OR(I46=0,M46=0),"",(O46/I46)) -> 0
B47: TOU - Mid Peak | D47: per kWh | G47: 0.157 | H47: =$D$127*$G$19 -> 162000 | I47: =H47*G47 -> 25434 | K47: 0.157 | L47: =$D$127*$G$19 -> 162000 | M47: =L47*K47 -> 25434 | O47: =M47-I47 -> 0 | P47: =IF(OR(I47=0,M47=0),"",(O47/I47)) -> 0
B48: TOU - On Peak | D48: per kWh | G48: 0.203 | H48: =$D$128*$G$19 -> 162000 | I48: =H48*G48 -> 32886 | K48: 0.203 | L48: =$D$128*$G$19 -> 162000 | M48: =L48*K48 -> 32886 | O48: =M48-I48 -> 0 | P48: =IF(OR(I48=0,M48=0),"",(O48/I48)) -> 0
B49: Energy - RPP - Tier 1 | D49: per kWh | G49: 0.12 | H49: =IF(AND($N$1=1, $G$19>=750), 750, IF(AND($N$1=1, AND($G$19<750, $G$19>=0)), $G$19, IF(AND($N$1=2, $G$19>=750), 750, IF(AND($N$1=2, AND($G$19<750, $G$19>=0)), $G$19)))) -> 750 | I49: =H49*G49 -> 90 | K49: 0.12 | L49: =IF(AND($N$1=1, $G$19>=750), 750, IF(AND($N$1=1, AND($G$19<750, $G$19>=0)), $G$19, IF(AND($N$1=2, $G$19>=750), 750, IF(AND($N$1=2, AND($G$19<750, $G$19>=0)), $G$19)))) -> 750 | M49: =L49*K49 -> 90 | O49: =M49-I49 -> 0 | P49: =IF(OR(I49=0,M49=0),"",(O49/I49)) -> 0
B50: Energy - RPP - Tier 2 | D50: per kWh | G50: 0.142 | H50: =IF(AND($N$1=1, $G$19>=750), $G$19-750, IF(AND($N$1=1, AND($G$19<750, $G$19>=0)), 0, IF(AND($N$1=2, $G$19>=750), $G$19-750, IF(AND($N$1=2, AND($G$19<750, $G$19>=0)), 0)))) -> 899250 | I50: =H50*G50 -> 127693.5 | K50: 0.142 | L50: =IF(AND($N$1=1, $G$19>=750), $G$19-750, IF(AND($N$1=1, AND($G$19<750, $G$19>=0)), 0, IF(AND($N$1=2, $G$19>=750), $G$19-750, IF(AND($N$1=2, AND($G$19<750, $G$19>=0)), 0)))) -> 899250 | M50: =L50*K50 -> 127693.5 | O50: =M50-I50 -> 0 | P50: =IF(OR(I50=0,M50=0),"",(O50/I50)) -> 0
B51: Non-RPP Retailer Avg. Price | D51: per kWh | G51: 0.1197 | H51: 0 | I51: =H51*G51 -> 0 | K51: 0.1197 | L51: 0 | M51: =L51*K51 -> 0 | O51: =M51-I51 -> 0 | P51: =IF(OR(I51=0,M51=0),"",(O51/I51))
B52: Average IESO Wholesale Market Price | D52: per kWh | G52: =G51 -> 0.1197 | H52: =+$G$19 -> 900000 | I52: =H52*G52 -> 107730 | K52: =K51 -> 0.1197 | L52: =+$G$19 -> 900000 | M52: =L52*K52 -> 107730 | O52: =M52-I52 -> 0 | P52: =IF(OR(I52=0,M52=0),"",(O52/I52)) -> 0
O53: =M53-I53 -> 0 | P53: =IF(OR(I53=0,M53=0),"",(O53/I53))
B54: Total Bill on Average IESO Wholesale Market Price (before Taxes) | I54: =SUM(I41:I45,I52) -> 145294 | M54: =SUM(M41:M45,M52) -> 144202.99 | O54: =M54-I54 -> -1091.01 | P54: =IF(OR(I54=0,M54=0),"",(O54/I54)) -> -0.0075089818
B55: Ontario Electricity Rebate | G55: -0.235 | K55: -0.235 | O55: =M55-I55 -> 0 | P55: =IF(OR(I55=0,M55=0),"",(O55/I55))
B56: HST | G56: 0.13 | I56: =I54*G56 -> 18888.22 | K56: 0.13 | M56: =M54*K56 -> 18746.389 | O56: =M56-I56 -> -141.8313 | P56: =IF(OR(I56=0,M56=0),"",(O56/I56)) -> -0.0075089818
B57: Total Bill on Average IESO Wholesale Market Price (after Tax and Rebate) | I57: =SUM(I54:I56) -> 164182.22 | M57: =SUM(M54:M56) -> 162949.38 | O57: =M57-I57 -> -1232.8413 | P57: =IF(OR(I57=0,M57=0),"",(O57/I57)) -> -0.0075089818
O58: =M58-I58 -> 0 | P58: =IF(OR(I58=0,M58=0),"",(O58/I58))
B59: Total Bill on RPP (before Taxes) | I59: =SUM(I49:I50,I41,I42:I45) -> 165347.5 | M59: =SUM(M49:M50,M41,M42:M45) -> 164256.49 | O59: =M59-I59 -> -1091.01 | P59: =IF(OR(I59=0,M59=0),"",(O59/I59)) -> -0.0065982854
B60: Ontario Electricity Rebate | G60: -0.235 | K60: -0.235 | O60: =M60-I60 -> 0 | P60: =IF(OR(I60=0,M60=0),"",(O60/I60))
B61: HST | G61: 0.13 | I61: =I59*G61 -> 21495.175 | K61: 0.13 | M61: =M59*K61 -> 21353.344 | O61: =M61-I61 -> -141.8313 | P61: =IF(OR(I61=0,M61=0),"",(O61/I61)) -> -0.0065982854
B62: Total Bill on RPP (after Tax and Rebate) | I62: =SUM(I59:I61) -> 186842.67 | M62: =SUM(M59:M61) -> 185609.83 | O62: =M62-I62 -> -1232.8413 | P62: =IF(OR(I62=0,M62=0),"",(O62/I62)) -> -0.0065982854
B65: Loss Factor (%) | G65: 0.0295 | K65: 0.0295
B67: Appendix 2-W
B68: Bill Impacts
B71: Customer Class: | D71: GENERAL SERVICE 1,000 TO 4,999 kW SERVICE
B73: TOU / non-TOU: | D73: non-TOU | G73: SPOT Class B Non-WMP
G74: 1700 | H74: kW
G75: 1900 | H75: kVA
D76: Consumption | G76: 900000 | H76: kWh
G77: 2026 OEB-Approved | K77: 2027 Proposed | O77: Impact
D78: Charge Unit | G78: Rate | H78: Volume | I78: Charge | K78: Rate | L78: Volume | M78: Charge | O78: $ Change | P78: % Change
G79: ($) | I79: ($) | K79: ($) | M79: ($)
B80: Service Charge | D80: per 30 days | G80: 1094.15 | H80: 1 | I80: =H80*G80 -> 1094.15 | K80: 1094.15 | L80: 1 | M80: =L80*K80 -> 1094.15 | O80: =M80-I80 -> 0 | P80: =IF(OR(I80=0,M80=0),"",(O80/I80)) -> 0
B81: Rate Rider for Disposition of Wireline Pole Attachment Revenue - effective until December 31, 2029 | D81: per kVA | G81: 0.0047 | H81: =$G$75 -> 1900 | I81: =H81*G81 -> 8.93 | K81: 0.0047 | L81: =$G$75 -> 1900 | M81: =L81*K81 -> 8.93 | O81: =M81-I81 -> 0 | P81: =IF(OR(I81=0,M81=0),"",(O81/I81)) -> 0
B82: Rate Rider for Disposition of Excess Expansion Deposits - effective until December 31, 2029 | D82: per kVA | G82: -0.0403 | H82: =$G$75 -> 1900 | I82: =H82*G82 -> -76.57 | K82: -0.0403 | L82: =$G$75 -> 1900 | M82: =L82*K82 -> -76.57 | O82: =M82-I82 -> 0 | P82: =IF(OR(I82=0,M82=0),"",(O82/I82)) -> 0
B83: Rate Rider for Disposition of Externally Driven Capital Variance Account - effective until December 31, 2029 | D83: per kVA | G83: 0 | H83: =$G$75 -> 1900 | I83: =H83*G83 -> 0 | K83: 0.0299 | L83: =$G$75 -> 1900 | M83: =L83*K83 -> 56.81 | O83: =M83-I83 -> 56.81 | P83: =IF(OR(I83=0,M83=0),"",(O83/I83))
B84: Rate Rider for Disposition of Wireless Pole Attachment Revenue - effective until December 31, 2029 | D84: per kVA | G84: -0.0039 | H84: =$G$75 -> 1900 | I84: =H84*G84 -> -7.41 | K84: -0.0039 | L84: =$G$75 -> 1900 | M84: =L84*K84 -> -7.41 | O84: =M84-I84 -> 0 | P84: =IF(OR(I84=0,M84=0),"",(O84/I84)) -> 0
B85: Rate Rider for Disposition of Change in Useful Life of Asset (2025) - effective until December 31, 2026 | D85: per kVA | G85: -0.2568 | H85: =$G$75 -> 1900 | I85: =H85*G85 -> -487.92 | K85: 0 | L85: =$G$75 -> 1900 | M85: =L85*K85 -> 0 | O85: =M85-I85 -> 487.92 | P85: =IF(OR(I85=0,M85=0),"",(O85/I85))
B86: Rate Rider for Disposition of Change in Useful Life of Assets (2025) - effective until December 31, 2028 | D86: per kVA | G86: -0.0621 | H86: =$G$75 -> 1900 | I86: =H86*G86 -> -117.99 | K86: -0.0621 | L86: =$G$75 -> 1900 | M86: =L86*K86 -> -117.99 | O86: =M86-I86 -> 0 | P86: =IF(OR(I86=0,M86=0),"",(O86/I86)) -> 0
B87: Rate Rider for Disposition of Change in Useful Life of Assets (2026) - effective until December 31, 2028 | D87: per kVA | G87: -0.1802 | H87: =$G$75 -> 1900 | I87: =H87*G87 -> -342.38 | K87: -0.1802 | L87: =$G$75 -> 1900 | M87: =L87*K87 -> -342.38 | O87: =M87-I87 -> 0 | P87: =IF(OR(I87=0,M87=0),"",(O87/I87)) -> 0
B88: Rate Rider for Disposition of Revenue Variance Account (2025) - effective until December 31, 2027 - Interim | D88: per kVA | G88: 0 | H88: =$G$75 -> 1900 | I88: =H88*G88 -> 0 | K88: -0.2113 | L88: =$G$75 -> 1900 | M88: =L88*K88 -> -401.47 | O88: =M88-I88 -> -401.47 | P88: =IF(OR(I88=0,M88=0),"",(O88/I88))
B89: Distribution Volumetric Rate | D89: per kVA | G89: 8.7311 | H89: =$G$75 -> 1900 | I89: =H89*G89 -> 16589.09 | K89: 9.0479 | L89: =$G$75 -> 1900 | M89: =L89*K89 -> 17191.01 | O89: =M89-I89 -> 601.92 | P89: =IF(OR(I89=0,M89=0),"",(O89/I89)) -> 0.036284088
B90: Sub-Total A (excluding pass through) | I90: =SUM(I80:I89) -> 16659.9 | M90: =SUM(M80:M89) -> 17405.08 | O90: =M90-I90 -> 745.18 | P90: =IF(OR(I90=0,M90=0),"",(O90/I90)) -> 0.04472896
B91: Line Losses on Cost of Power | D91: per kWh | G91: =G34 -> 0.1197 | H91: =$G$19*(1+G122)-$G$19 -> 26550 | I91: =H91*G91 -> 3178.035 | K91: =K34 -> 0.1197 | L91: =$G$19*(1+K122)-$G$19 -> 26550 | M91: =L91*K91 -> 3178.035 | O91: =M91-I91 -> 0 | P91: =IF(OR(I91=0,M91=0),"",(O91/I91)) -> 0
B92: =+RESIDENTIAL!$B$33 -> Rate Rider for Disposition of Deferral/Variance Accounts - effective until December 31, 2027 | D92: per kVA | G92: 0.6206 | H92: =$G$75 -> 1900 | I92: =H92*G92 -> 1179.14 | K92: -0.4556 | L92: =$G$75 -> 1900 | M92: =L92*K92 -> -865.64 | O92: =M92-I92 -> -2044.78 | P92: =IF(OR(I92=0,M92=0),"",(O92/I92)) -> -1.7341283
B93: =+RESIDENTIAL!$B$34 -> Rate Rider for Disposition of Capacity Based Recovery Account - Applicable only for Class B Customers - effective until December 31, 2027 | D93: per kVA | G93: 0.1847 | H93: =$G$75 -> 1900 | I93: =H93*G93 -> 350.93 | K93: 0.2213 | L93: =$G$75 -> 1900 | M93: =L93*K93 -> 420.47 | O93: =M93-I93 -> 69.54 | P93: =IF(OR(I93=0,M93=0),"",(O93/I93)) -> 0.19815918
B94: =+RESIDENTIAL!$B$35 -> Rate Rider for Disposition of Global Adjustment Account - Applicable only for Non-RPP Customers - effective until December 31, 2027 | D94: per kWh | G94: 0.00508 | H94: =+$G$76 -> 900000 | I94: =H94*G94 -> 4572 | K94: -0.00595 | L94: =+$G$76 -> 900000 | M94: =L94*K94 -> -5355 | O94: =M94-I94 -> -9927 | P94: =IF(OR(I94=0,M94=0),"",(O94/I94)) -> -2.1712598
B95: Sub-Total B - Distribution (includes Sub-Total A) | I95: =SUM(I91:I94)+I90 -> 25940.005 | M95: =SUM(M91:M94)+M90 -> 14782.945 | O95: =M95-I95 -> -11157.06 | P95: =IF(OR(I95=0,M95=0),"",(O95/I95)) -> -0.43011017
B96: Retail Transmission Rate - Network Service Rate | D96: per kW | G96: 4.2809 | H96: =+$G$74 -> 1700 | I96: =H96*G96 -> 7277.53 | K96: 4.3604 | L96: =+$G$74 -> 1700 | M96: =L96*K96 -> 7412.68 | O96: =M96-I96 -> 135.15 | P96: =IF(OR(I96=0,M96=0),"",(O96/I96)) -> 0.018570861
B97: Retail Transmission Rate - Line and Transformation Connection Service Rate | D97: per kW | G97: 2.8908 | H97: =+$G$74 -> 1700 | I97: =H97*G97 -> 4914.36 | K97: 2.934 | L97: =+$G$74 -> 1700 | M97: =L97*K97 -> 4987.8 | O97: =M97-I97 -> 73.44 | P97: =IF(OR(I97=0,M97=0),"",(O97/I97)) -> 0.01494396
B98: Sub-Total C - Delivery (including Sub-Total B) | I98: =SUM(I95:I97) -> 38131.895 | M98: =SUM(M95:M97) -> 27183.425 | O98: =M98-I98 -> -10948.47 | P98: =IF(OR(I98=0,M98=0),"",(O98/I98)) -> -0.28712106
B99: Wholesale Market Service Charge (WMSC) | D99: per kWh | G99: 0.0041 | H99: =+$G$76*(1+G122) -> 926550 | I99: =H99*G99 -> 3798.855 | K99: 0.0041 | L99: =+$G$76*(1+K122) -> 926550 | M99: =L99*K99 -> 3798.855 | O99: =M99-I99 -> 0 | P99: =IF(OR(I99=0,M99=0),"",(O99/I99)) -> 0
B100: Rural and Remote Rate Protection (RRRP) | D100: per kWh | G100: 0.0006 | H100: =+H99 -> 926550 | I100: =H100*G100 -> 555.93 | K100: 0.0006 | L100: =+L99 -> 926550 | M100: =L100*K100 -> 555.93 | O100: =M100-I100 -> 0 | P100: =IF(OR(I100=0,M100=0),"",(O100/I100)) -> 0
B101: Capacity Based Recovery (CBR) - Applicable for Class B Customers | D101: per kWh | G101: 0.0006 | H101: =+H100 -> 926550 | I101: =H101*G101 -> 555.93 | K101: 0.0006 | L101: =+L100 -> 926550 | M101: =L101*K101 -> 555.93 | O101: =M101-I101 -> 0 | P101: =IF(OR(I101=0,M101=0),"",(O101/I101)) -> 0
B102: Standard Supply Service Charge | D102: per 30 days | G102: 0.25 | H102: 1 | I102: =H102*G102 -> 0.25 | K102: 0.25 | L102: 1 | M102: =L102*K102 -> 0.25 | O102: =M102-I102 -> 0 | P102: =IF(OR(I102=0,M102=0),"",(O102/I102)) -> 0
B103: TOU - Off Peak | D103: per kWh | G103: 0.098 | H103: =$D$126*$G$76 -> 576000 | I103: =H103*G103 -> 56448 | K103: 0.098 | L103: =$D$126*$G$76 -> 576000 | M103: =L103*K103 -> 56448 | O103: =M103-I103 -> 0 | P103: =IF(OR(I103=0,M103=0),"",(O103/I103)) -> 0
B104: TOU - Mid Peak | D104: per kWh | G104: 0.157 | H104: =$D$127*$G$76 -> 162000 | I104: =H104*G104 -> 25434 | K104: 0.157 | L104: =$D$127*$G$76 -> 162000 | M104: =L104*K104 -> 25434 | O104: =M104-I104 -> 0 | P104: =IF(OR(I104=0,M104=0),"",(O104/I104)) -> 0
B105: TOU - On Peak | D105: per kWh | G105: 0.203 | H105: =$D$128*$G$76 -> 162000 | I105: =H105*G105 -> 32886 | K105: 0.203 | L105: =$D$128*$G$76 -> 162000 | M105: =L105*K105 -> 32886 | O105: =M105-I105 -> 0 | P105: =IF(OR(I105=0,M105=0),"",(O105/I105)) -> 0
B106: Energy - RPP - Tier 1 | D106: per kWh | G106: 0.12 | H106: =IF(AND($N$1=1, $G$76>=750), 750, IF(AND($N$1=1, AND($G$76<750, $G$76>=0)), $G$76, IF(AND($N$1=2, $G$76>=750), 750, IF(AND($N$1=2, AND($G$76<750, $G$76>=0)), $G$76)))) -> 750 | I106: =H106*G106 -> 90 | K106: 0.12 | L106: =IF(AND($N$1=1, $G$76>=750), 750, IF(AND($N$1=1, AND($G$76<750, $G$76>=0)), $G$76, IF(AND($N$1=2, $G$76>=750), 750, IF(AND($N$1=2, AND($G$76<750, $G$76>=0)), $G$76)))) -> 750 | M106: =L106*K106 -> 90 | O106: =M106-I106 -> 0 | P106: =IF(OR(I106=0,M106=0),"",(O106/I106)) -> 0
B107: Energy - RPP - Tier 2 | D107: per kWh | G107: 0.142 | H107: =IF(AND($N$1=1, $G$76>=750), $G$76-750, IF(AND($N$1=1, AND($G$76<750, $G$76>=0)), 0, IF(AND($N$1=2, $G$76>=750), $G$76-750, IF(AND($N$1=2, AND($G$76<750, $G$76>=0)), 0)))) -> 899250 | I107: =H107*G107 -> 127693.5 | K107: 0.142 | L107: =IF(AND($N$1=1, $G$76>=750), $G$76-750, IF(AND($N$1=1, AND($G$76<750, $G$76>=0)), 0, IF(AND($N$1=2, $G$76>=750), $G$76-750, IF(AND($N$1=2, AND($G$76<750, $G$76>=0)), 0)))) -> 899250 | M107: =L107*K107 -> 127693.5 | O107: =M107-I107 -> 0 | P107: =IF(OR(I107=0,M107=0),"",(O107/I107)) -> 0
B108: Non-RPP Retailer Avg. Price | D108: per kWh | G108: 0.1197 | H108: 0 | I108: =H108*G108 -> 0 | K108: 0.1197 | L108: 0 | M108: =L108*K108 -> 0 | O108: =M108-I108 -> 0 | P108: =IF(OR(I108=0,M108=0),"",(O108/I108))
B109: Average IESO Wholesale Market Price | D109: per kWh | G109: =G108 -> 0.1197 | H109: =+$G$76 -> 900000 | I109: =H109*G109 -> 107730 | K109: =K108 -> 0.1197 | L109: =+$G$76 -> 900000 | M109: =L109*K109 -> 107730 | O109: =M109-I109 -> 0 | P109: =IF(OR(I109=0,M109=0),"",(O109/I109)) -> 0
O110: =M110-I110 -> 0 | P110: =IF(OR(I110=0,M110=0),"",(O110/I110))
B111: Total Bill on Average IESO Wholesale Market Price (before Taxes) | I111: =SUM(I98:I102,I109) -> 150772.86 | M111: =SUM(M98:M102,M109) -> 139824.39 | O111: =M111-I111 -> -10948.47 | P111: =IF(OR(I111=0,M111=0),"",(O111/I111)) -> -0.072615655
B112: Ontario Electricity Rebate | G112: -0.235 | K112: -0.235 | O112: =M112-I112 -> 0 | P112: =IF(OR(I112=0,M112=0),"",(O112/I112))
B113: HST | G113: 0.13 | I113: =I111*G113 -> 19600.472 | K113: 0.13 | M113: =M111*K113 -> 18177.171 | O113: =M113-I113 -> -1423.3011 | P113: =IF(OR(I113=0,M113=0),"",(O113/I113)) -> -0.072615655
B114: Total Bill on Average IESO Wholesale Market Price (after Tax and Rebate) | I114: =SUM(I111:I113) -> 170373.33 | M114: =SUM(M111:M113) -> 158001.56 | O114: =M114-I114 -> -12371.771 | P114: =IF(OR(I114=0,M114=0),"",(O114/I114)) -> -0.072615655
O115: =M115-I115 -> 0 | P115: =IF(OR(I115=0,M115=0),"",(O115/I115))
B116: Total Bill on RPP (before Taxes) | I116: =SUM(I106:I107,I98,I99:I102) -> 170826.36 | M116: =SUM(M106:M107,M98,M99:M102) -> 159877.89 | O116: =M116-I116 -> -10948.47 | P116: =IF(OR(I116=0,M116=0),"",(O116/I116)) -> -0.064091221
B117: Ontario Electricity Rebate | G117: -0.235 | K117: -0.235 | O117: =M117-I117 -> 0 | P117: =IF(OR(I117=0,M117=0),"",(O117/I117))
...

Sheet LARGE USE SERVICE
N1: 1 | U1: 1 | AB1: 1 | AI1: 1
B10: Appendix 2-W
B11: Bill Impacts
B14: Customer Class: | D14: LARGE USE SERVICE
B16: TOU / non-TOU: | D16: non-TOU | G16: SPOT A Non-WMP
G17: 8400 | H17: kW
G18: 9200 | H18: kVA
D19: Consumption | G19: 3900000 | H19: kWh
G20: 2026 OEB-Approved | K20: 2027 Proposed | O20: Impact
D21: Charge Unit | G21: Rate | H21: Volume | I21: Charge | K21: Rate | L21: Volume | M21: Charge | O21: $ Change | P21: % Change
G22: ($) | I22: ($) | K22: ($) | M22: ($)
B23: Service Charge | D23: per 30 days | G23: 4843.52 | H23: 1 | I23: =H23*G23 -> 4843.52 | K23: 4843.52 | L23: 1 | M23: =L23*K23 -> 4843.52 | O23: =M23-I23 -> 0 | P23: =IF(OR(I23=0,M23=0),"",(O23/I23)) -> 0
B24: Rate Rider for Disposition of Wireline Pole Attachment Revenue - effective until December 31, 2029 | D24: per kVA | G24: 0.0038 | H24: =$G$18 -> 9200 | I24: =H24*G24 -> 34.96 | K24: 0.0038 | L24: =$G$18 -> 9200 | M24: =L24*K24 -> 34.96 | O24: =M24-I24 -> 0 | P24: =IF(OR(I24=0,M24=0),"",(O24/I24)) -> 0
B25: Rate Rider for Disposition of Excess Expansion Deposits - effective until December 31, 2029 | D25: per kVA | G25: -0.0414 | H25: =$G$18 -> 9200 | I25: =H25*G25 -> -380.88 | K25: -0.0414 | L25: =$G$18 -> 9200 | M25: =L25*K25 -> -380.88 | O25: =M25-I25 -> 0 | P25: =IF(OR(I25=0,M25=0),"",(O25/I25)) -> 0
B26: Rate Rider for Disposition of Externally Driven Capital Variance Account - effective until December 31, 2029 | D26: per kVA | G26: 0 | H26: =$G$18 -> 9200 | I26: =H26*G26 -> 0 | K26: 0.0307 | L26: =$G$18 -> 9200 | M26: =L26*K26 -> 282.44 | O26: =M26-I26 -> 282.44 | P26: =IF(OR(I26=0,M26=0),"",(O26/I26))
B27: Rate Rider for Disposition of Wireless Pole Attachment Revenue - effective until December 31, 2029 | D27: per kVA | G27: -0.0031 | H27: =$G$18 -> 9200 | I27: =H27*G27 -> -28.52 | K27: -0.0031 | L27: =$G$18 -> 9200 | M27: =L27*K27 -> -28.52 | O27: =M27-I27 -> 0 | P27: =IF(OR(I27=0,M27=0),"",(O27/I27)) -> 0
B28: Rate Rider for Disposition of Change in Useful Life of Asset (2025) - effective until December 31, 2026 | D28: per kVA | G28: -0.2639 | H28: =$G$18 -> 9200 | I28: =H28*G28 -> -2427.88 | K28: 0 | L28: =$G$18 -> 9200 | M28: =L28*K28 -> 0 | O28: =M28-I28 -> 2427.88 | P28: =IF(OR(I28=0,M28=0),"",(O28/I28))
B29: Rate Rider for Disposition of Change in Useful Life of Assets (2025) - effective until December 31, 2028 | D29: per kVA | G29: -0.0638 | H29: =$G$18 -> 9200 | I29: =H29*G29 -> -586.96 | K29: -0.0638 | L29: =$G$18 -> 9200 | M29: =L29*K29 -> -586.96 | O29: =M29-I29 -> 0 | P29: =IF(OR(I29=0,M29=0),"",(O29/I29)) -> 0
B30: Rate Rider for Disposition of Change in Useful Life of Assets (2026) - effective until December 31, 2028 | D30: per kVA | G30: -0.1852 | H30: =$G$18 -> 9200 | I30: =H30*G30 -> -1703.84 | K30: -0.1852 | L30: =$G$18 -> 9200 | M30: =L30*K30 -> -1703.84 | O30: =M30-I30 -> 0 | P30: =IF(OR(I30=0,M30=0),"",(O30/I30)) -> 0
B31: Rate Rider for Disposition of Revenue Variance Account (2025) - effective until December 31, 2027 - Interim | D31: per kVA | G31: 0 | H31: =$G$18 -> 9200 | I31: =H31*G31 -> 0 | K31: -0.2393 | L31: =$G$18 -> 9200 | M31: =L31*K31 -> -2201.56 | O31: =M31-I31 -> -2201.56 | P31: =IF(OR(I31=0,M31=0),"",(O31/I31))
B32: Distribution Volumetric Rate | D32: per kVA | G32: 9.4416 | H32: =$G$18 -> 9200 | I32: =H32*G32 -> 86862.72 | K32: 9.7812 | L32: =$G$18 -> 9200 | M32: =L32*K32 -> 89987.04 | O32: =M32-I32 -> 3124.32 | P32: =IF(OR(I32=0,M32=0),"",(O32/I32)) -> 0.03596848
B33: Sub-Total A (excluding pass through) | I33: =SUM(I23:I32) -> 86613.12 | M33: =SUM(M23:M32) -> 90246.2 | O33: =M33-I33 -> 3633.08 | P33: =IF(OR(I33=0,M33=0),"",(O33/I33)) -> 0.04194607
B34: Line Losses on Cost of Power | D34: per kWh | G34: =G53 -> 0.1197 | H34: =$G19*(1+G66)-$G19 -> 67080 | I34: =H34*G34 -> 8029.476 | K34: =K53 -> 0.1197 | L34: =$G19*(1+K66)-$G19 -> 67080 | M34: =L34*K34 -> 8029.476 | O34: =M34-I34 -> 0 | P34: =IF(OR(I34=0,M34=0),"",(O34/I34)) -> 0
B35: =+RESIDENTIAL!$B$33 -> Rate Rider for Disposition of Deferral/Variance Accounts - effective until December 31, 2027 | D35: per kVA | G35: 0.5237 | H35: =$G$18 -> 9200 | I35: =H35*G35 -> 4818.04 | K35: 0.0136 | L35: =$G$18 -> 9200 | M35: =L35*K35 -> 125.12 | O35: =M35-I35 -> -4692.92 | P35: =IF(OR(I35=0,M35=0),"",(O35/I35)) -> -0.97403093
B36: =+'GS 50-999 kW'!$B$36 -> Rate Rider for Disposition of Deferral/Variance Accounts for Non-Wholesale Market Participants - effective until December 31, 2027 | D36: per kVA | G36: 0.1083 | H36: =$G$18 -> 9200 | I36: =H36*G36 -> 996.36 | K36: -0.4932 | L36: =$G$18 -> 9200 | M36: =L36*K36 -> -4537.44 | O36: =M36-I36 -> -5533.8 | P36: =IF(OR(I36=0,M36=0),"",(O36/I36)) -> -5.5540166
B37: =+RESIDENTIAL!$B$34 -> Rate Rider for Disposition of Capacity Based Recovery Account - Applicable only for Class B Customers - effective until December 31, 2027 | D37: per kVA | G37: 0.1556 | I37: =H37*G37 -> 0 | K37: 0.1744 | M37: =L37*K37 -> 0 | O37: =M37-I37 -> 0 | P37: =IF(OR(I37=0,M37=0),"",(O37/I37))
B38: =+RESIDENTIAL!$B$35 -> Rate Rider for Disposition of Global Adjustment Account - Applicable only for Non-RPP Customers - effective until December 31, 2027 | D38: per kWh | G38: 0.00508 | I38: =H38*G38 -> 0 | K38: -0.00595 | M38: =L38*K38 -> 0 | O38: =M38-I38 -> 0 | P38: =IF(OR(I38=0,M38=0),"",(O38/I38))
B39: Sub-Total B - Distribution (includes Sub-Total A) | I39: =SUM(I34:I38)+I33 -> 100457 | M39: =SUM(M34:M38)+M33 -> 93863.356 | O39: =M39-I39 -> -6593.64 | P39: =IF(OR(I39=0,M39=0),"",(O39/I39)) -> -0.065636444
B40: Retail Transmission Rate - Network Service Rate | D40: per kW | G40: 4.8799 | H40: =+$G$17 -> 8400 | I40: =H40*G40 -> 40991.16 | K40: 4.9705 | L40: =+$G$17 -> 8400 | M40: =L40*K40 -> 41752.2 | O40: =M40-I40 -> 761.04 | P40: =IF(OR(I40=0,M40=0),"",(O40/I40)) -> 0.018565954
B41: Retail Transmission Rate - Line and Transformation Connection Service Rate | D41: per kW | G41: 3.2117 | H41: =+$G$17 -> 8400 | I41: =H41*G41 -> 26978.28 | K41: 3.2597 | L41: =+$G$17 -> 8400 | M41: =L41*K41 -> 27381.48 | O41: =M41-I41 -> 403.2 | P41: =IF(OR(I41=0,M41=0),"",(O41/I41)) -> 0.014945356
B42: Sub-Total C - Delivery (including Sub-Total B) | I42: =SUM(I39:I41) -> 168426.44 | M42: =SUM(M39:M41) -> 162997.04 | O42: =M42-I42 -> -5429.4 | P42: =IF(OR(I42=0,M42=0),"",(O42/I42)) -> -0.032236032
B43: Wholesale Market Service Charge (WMSC) | D43: per kWh | G43: 0.0041 | H43: =+$G19*(1+G66) -> 3967080 | I43: =H43*G43 -> 16265.028 | K43: 0.0041 | L43: =+$G19*(1+K66) -> 3967080 | M43: =L43*K43 -> 16265.028 | O43: =M43-I43 -> 0 | P43: =IF(OR(I43=0,M43=0),"",(O43/I43)) -> 0
B44: Rural and Remote Rate Protection (RRRP) | D44: per kWh | G44: 0.0006 | H44: =+H43 -> 3967080 | I44: =H44*G44 -> 2380.248 | K44: 0.0006 | L44: =+L43 -> 3967080 | M44: =L44*K44 -> 2380.248 | O44: =M44-I44 -> 0 | P44: =IF(OR(I44=0,M44=0),"",(O44/I44)) -> 0
B45: Capacity Based Recovery (CBR) - Applicable for Class B Customers | D45: per kWh | G45: 0.0006 | I45: =H45*G45 -> 0 | K45: 0.0006 | M45: =L45*K45 -> 0 | O45: =M45-I45 -> 0 | P45: =IF(OR(I45=0,M45=0),"",(O45/I45))
B46: Standard Supply Service Charge | D46: per 30 days | G46: 0.25 | H46: 1 | I46: =H46*G46 -> 0.25 | K46: 0.25 | L46: 1 | M46: =L46*K46 -> 0.25 | O46: =M46-I46 -> 0 | P46: =IF(OR(I46=0,M46=0),"",(O46/I46)) -> 0
B47: TOU - Off Peak | D47: per kWh | G47: 0.098 | H47: =$D$68*$G$19 -> 2496000 | I47: =H47*G47 -> 244608 | K47: 0.098 | L47: =$D$68*$G$19 -> 2496000 | M47: =L47*K47 -> 244608 | O47: =M47-I47 -> 0 | P47: =IF(OR(I47=0,M47=0),"",(O47/I47)) -> 0
B48: TOU - Mid Peak | D48: per kWh | G48: 0.157 | H48: =$D$69*$G$19 -> 702000 | I48: =H48*G48 -> 110214 | K48: 0.157 | L48: =$D$69*$G$19 -> 702000 | M48: =L48*K48 -> 110214 | O48: =M48-I48 -> 0 | P48: =IF(OR(I48=0,M48=0),"",(O48/I48)) -> 0
B49: TOU - On Peak | D49: per kWh | G49: 0.203 | H49: =$D$70*$G$19 -> 702000 | I49: =H49*G49 -> 142506 | K49: 0.203 | L49: =$D$70*$G$19 -> 702000 | M49: =L49*K49 -> 142506 | O49: =M49-I49 -> 0 | P49: =IF(OR(I49=0,M49=0),"",(O49/I49)) -> 0
B50: Energy - RPP - Tier 1 | D50: per kWh | G50: 0.12 | H50: =IF(AND($N$1=1, $G19>=750), 750, IF(AND($N$1=1, AND($G19<750, $G19>=0)), $G19, IF(AND($N$1=2, $G19>=750), 750, IF(AND($N$1=2, AND($G19<750, $G19>=0)), $G19)))) -> 750 | I50: =H50*G50 -> 90 | K50: 0.12 | L50: =IF(AND($N$1=1, $G19>=750), 750, IF(AND($N$1=1, AND($G19<750, $G19>=0)), $G19, IF(AND($N$1=2, $G19>=750), 750, IF(AND($N$1=2, AND($G19<750, $G19>=0)), $G19)))) -> 750 | M50: =L50*K50 -> 90 | O50: =M50-I50 -> 0 | P50: =IF(OR(I50=0,M50=0),"",(O50/I50)) -> 0
B51: Energy - RPP - Tier 2 | D51: per kWh | G51: 0.142 | H51: =IF(AND($N$1=1, $G19>=750), $G19-750, IF(AND($N$1=1, AND($G19<750, $G19>=0)), 0, IF(AND($N$1=2, $G19>=750), $G19-750, IF(AND($N$1=2, AND($G19<750, $G19>=0)), 0)))) -> 3899250 | I51: =H51*G51 -> 553693.5 | K51: 0.142 | L51: =IF(AND($N$1=1, $G19>=750), $G19-750, IF(AND($N$1=1, AND($G19<750, $G19>=0)), 0, IF(AND($N$1=2, $G19>=750), $G19-750, IF(AND($N$1=2, AND($G19<750, $G19>=0)), 0)))) -> 3899250 | M51: =L51*K51 -> 553693.5 | O51: =M51-I51 -> 0 | P51: =IF(OR(I51=0,M51=0),"",(O51/I51)) -> 0
B52: Non-RPP Retailer Avg. Price | D52: per kWh | G52: 0.1197 | H52: 0 | I52: =H52*G52 -> 0 | K52: 0.1197 | L52: 0 | M52: =L52*K52 -> 0 | O52: =M52-I52 -> 0 | P52: =IF(OR(I52=0,M52=0),"",(O52/I52))
B53: Average IESO Wholesale Market Price | D53: per kWh | G53: =G52 -> 0.1197 | H53: =+$G$19 -> 3900000 | I53: =H53*G53 -> 466830 | K53: =K52 -> 0.1197 | L53: =+$G$19 -> 3900000 | M53: =L53*K53 -> 466830 | O53: =M53-I53 -> 0 | P53: =IF(OR(I53=0,M53=0),"",(O53/I53)) -> 0
O54: =M54-I54 -> 0 | P54: =IF(OR(I54=0,M54=0),"",(O54/I54))
B55: Total Bill on Average IESO Wholesale Market Price (before Taxes) | I55: =SUM(I42:I46,I53) -> 653901.96 | M55: =SUM(M42:M46,M53) -> 648472.56 | O55: =M55-I55 -> -5429.4 | P55: =IF(OR(I55=0,M55=0),"",(O55/I55)) -> -0.0083030795
B56: Ontario Electricity Rebate | G56: -0.235 | K56: -0.235 | O56: =M56-I56 -> 0 | P56: =IF(OR(I56=0,M56=0),"",(O56/I56))
B57: HST | G57: 0.13 | I57: =I55*G57 -> 85007.255 | K57: 0.13 | M57: =M55*K57 -> 84301.433 | O57: =M57-I57 -> -705.822 | P57: =IF(OR(I57=0,M57=0),"",(O57/I57)) -> -0.0083030795
B58: Total Bill on Average IESO Wholesale Market Price (after Tax and Rebate) | I58: =SUM(I55:I57) -> 738909.22 | M58: =SUM(M55:M57) -> 732774 | O58: =M58-I58 -> -6135.222 | P58: =IF(OR(I58=0,M58=0),"",(O58/I58)) -> -0.0083030795
O59: =M59-I59 -> 0 | P59: =IF(OR(I59=0,M59=0),"",(O59/I59))
B60: Total Bill on RPP (before Taxes) | I60: =SUM(I50:I51,I42,I43:I46) -> 740855.46 | M60: =SUM(M50:M51,M42,M43:M46) -> 735426.06 | O60: =M60-I60 -> -5429.4 | P60: =IF(OR(I60=0,M60=0),"",(O60/I60)) -> -0.007328555
B61: Ontario Electricity Rebate | G61: -0.235 | K61: -0.235 | O61: =M61-I61 -> 0 | P61: =IF(OR(I61=0,M61=0),"",(O61/I61))
B62: HST | G62: 0.13 | I62: =I60*G62 -> 96311.21 | K62: 0.13 | M62: =M60*K62 -> 95605.388 | O62: =M62-I62 -> -705.822 | P62: =IF(OR(I62=0,M62=0),"",(O62/I62)) -> -0.007328555
B63: Total Bill on RPP (after Tax and Rebate) | I63: =SUM(I60:I62) -> 837166.67 | M63: =SUM(M60:M62) -> 831031.45 | O63: =M63-I63 -> -6135.222 | P63: =IF(OR(I63=0,M63=0),"",(O63/I63)) -> -0.007328555
B66: Loss Factor (%) | G66: 0.0172 | K66: 0.0172
D68: 0.64 | E68: TOU - Off Peak
D69: 0.18 | E69: TOU - Mid Peak
D70: 0.18 | E70: TOU - On Peak

Sheet STREET LIGHTING SERVICE
N1: 1 | O1: 1 | V1: 1 | W1: 1 | AC1: 1 | AD1: 1 | AJ1: 1 | AK1: 1
B10: Appendix 2-W
B11: Bill Impacts
B14: Customer Class: | D14: STREET LIGHTING SERVICE
G16: SPOT CLASS B
B17: TOU / non-TOU: | D17: non-TOU | G17: 17000 | H17: Devices
G18: 3000 | H18: kW
G19: 3000 | H19: kVA
D20: Consumption | G20: 965000 | H20: kWh
G21: 2026 OEB-Approved | K21: 2027 Proposed | O21: Impact
D22: Charge Unit | G22: Rate | H22: Volume | I22: Charge | K22: Rate | L22: Volume | M22: Charge | O22: $ Change | P22: % Change
G23: ($) | I23: ($) | K23: ($) | M23: ($)
B24: Service Charge (per device) | D24: per device per 30 days | G24: 2.08 | H24: =+$G$17 -> 17000 | I24: =H24*G24 -> 35360 | K24: 2.15 | L24: =+$G$17 -> 17000 | M24: =L24*K24 -> 36550 | O24: =M24-I24 -> 1190 | P24: =IF(OR(I24=0,M24=0),"",(O24/I24)) -> 0.033653846
B25: Distribution Volumetric Rate | D25: per kVA | G25: 46.4488 | H25: =$G$19 -> 3000 | I25: =H25*G25 -> 139346.4 | K25: 48.0994 | L25: =$G$19 -> 3000 | M25: =L25*K25 -> 144298.2 | O25: =M25-I25 -> 4951.8 | P25: =IF(OR(I25=0,M25=0),"",(O25/I25)) -> 0.035535902
B26: Rate Rider for Disposition of Wireline Pole Attachment Revenue - effective until December 31, 2029 | D26: per kVA | G26: 0.4964 | H26: =$G$19 -> 3000 | I26: =H26*G26 -> 1489.2 | K26: 0.4964 | L26: =$G$19 -> 3000 | M26: =L26*K26 -> 1489.2 | O26: =M26-I26 -> 0 | P26: =IF(OR(I26=0,M26=0),"",(O26/I26)) -> 0
B27: Rate Rider for Disposition of Excess Expansion Deposits - effective until December 31, 2029 | D27: per kVA | G27: -0.236 | H27: =$G$19 -> 3000 | I27: =H27*G27 -> -708 | K27: -0.236 | L27: =$G$19 -> 3000 | M27: =L27*K27 -> -708 | O27: =M27-I27 -> 0 | P27: =IF(OR(I27=0,M27=0),"",(O27/I27)) -> 0
B28: Rate Rider for Disposition of Externally Driven Capital Variance Account - effective until December 31, 2029 | D28: per kVA | G28: 0 | H28: =$G$19 -> 3000 | I28: =H28*G28 -> 0 | K28: 0.1748 | L28: =$G$19 -> 3000 | M28: =L28*K28 -> 524.4 | O28: =M28-I28 -> 524.4 | P28: =IF(OR(I28=0,M28=0),"",(O28/I28))
B29: Rate Rider for Disposition of Wireless Pole Attachment Revenue - effective until December 31, 2029 | D29: per kVA | G29: -0.4099 | H29: =$G$19 -> 3000 | I29: =H29*G29 -> -1229.7 | K29: -0.4099 | L29: =$G$19 -> 3000 | M29: =L29*K29 -> -1229.7 | O29: =M29-I29 -> 0 | P29: =IF(OR(I29=0,M29=0),"",(O29/I29)) -> 0
B30: Rate Rider for Disposition of Change in Useful Life of Asset (2025) - effective until December 31, 2026 | D30: per kVA | G30: -1.5037 | H30: =$G$19 -> 3000 | I30: =H30*G30 -> -4511.1 | K30: 0 | L30: =$G$19 -> 3000 | M30: =L30*K30 -> 0 | O30: =M30-I30 -> 4511.1 | P30: =IF(OR(I30=0,M30=0),"",(O30/I30))
B31: Rate Rider for Disposition of Change in Useful Life of Assets (2025) - effective until December 31, 2028 | D31: per kVA | G31: -0.3634 | H31: =$G$19 -> 3000 | I31: =H31*G31 -> -1090.2 | K31: -0.3634 | L31: =$G$19 -> 3000 | M31: =L31*K31 -> -1090.2 | O31: =M31-I31 -> 0 | P31: =IF(OR(I31=0,M31=0),"",(O31/I31)) -> 0
B32: Rate Rider for Disposition of Change in Useful Life of Assets (2026) - effective until December 31, 2028 | D32: per kVA | G32: -1.0551 | H32: =$G$19 -> 3000 | I32: =H32*G32 -> -3165.3 | K32: -1.0551 | L32: =$G$19 -> 3000 | M32: =L32*K32 -> -3165.3 | O32: =M32-I32 -> 0 | P32: =IF(OR(I32=0,M32=0),"",(O32/I32)) -> 0
B33: Rate Rider for Disposition of Revenue Variance Account (2025) - effective until December 31, 2027 - Interim | D33: per kVA | G33: 0 | H33: =$G$19 -> 3000 | I33: =H33*G33 -> 0 | K33: -1.2354 | L33: =$G$19 -> 3000 | M33: =L33*K33 -> -3706.2 | O33: =M33-I33 -> -3706.2 | P33: =IF(OR(I33=0,M33=0),"",(O33/I33))
B34: Sub-Total A (excluding pass through) | I34: =SUM(I24:I33) -> 165491.3 | M34: =SUM(M24:M33) -> 172962.4 | O34: =M34-I34 -> 7471.1 | P34: =IF(OR(I34=0,M34=0),"",(O34/I34)) -> 0.045144971
B35: Line Losses on Cost of Power | D35: per kWh | G35: =G53 -> 0.1197 | H35: =$G$20*(1+G66)-$G$20 -> 28467.5 | I35: =H35*G35 -> 3407.5598 | K35: =K53 -> 0.1197 | L35: =$G$20*(1+K66)-$G$20 -> 28467.5 | M35: =L35*K35 -> 3407.5598 | O35: =M35-I35 -> 0 | P35: =IF(OR(I35=0,M35=0),"",(O35/I35)) -> 0
B36: =+RESIDENTIAL!$B$33 -> Rate Rider for Disposition of Deferral/Variance Accounts - effective until December 31, 2027 | D36: per kVA | G36: 0.2222 | H36: =$G$19 -> 3000 | I36: =H36*G36 -> 666.6 | K36: -0.3512 | L36: =$G$19 -> 3000 | M36: =L36*K36 -> -1053.6 | O36: =M36-I36 -> -1720.2 | P36: =IF(OR(I36=0,M36=0),"",(O36/I36)) -> -2.5805581
B37: =+RESIDENTIAL!$B$34 -> Rate Rider for Disposition of Capacity Based Recovery Account - Applicable only for Class B Customers - effective until December 31, 2027 | D37: per kVA | G37: 0.1656 | H37: =$G$19 -> 3000 | I37: =H37*G37 -> 496.8 | K37: 0.1794 | L37: =$G$19 -> 3000 | M37: =L37*K37 -> 538.2 | O37: =M37-I37 -> 41.4 | P37: =IF(OR(I37=0,M37=0),"",(O37/I37)) -> 0.083333333
B38: =+RESIDENTIAL!$B$35 -> Rate Rider for Disposition of Global Adjustment Account - Applicable only for Non-RPP Customers - effective until December 31, 2027 | D38: per kWh | G38: 0.00508 | H38: =+$G$20 -> 965000 | I38: =H38*G38 -> 4902.2 | K38: -0.00595 | L38: =+$G$20 -> 965000 | M38: =L38*K38 -> -5741.75 | O38: =M38-I38 -> -10643.95 | P38: =IF(OR(I38=0,M38=0),"",(O38/I38)) -> -2.1712598
B39: Sub-Total B - Distribution (includes Sub-Total A) | I39: =SUM(I35:I38)+I34 -> 174964.46 | M39: =SUM(M35:M38)+M34 -> 170112.81 | O39: =M39-I39 -> -4851.65 | P39: =IF(OR(I39=0,M39=0),"",(O39/I39)) -> -0.027729346
B40: Retail Transmission Rate - Network Service Rate | D40: per kW | G40: 3.9409 | H40: =+$G$18 -> 3000 | I40: =H40*G40 -> 11822.7 | K40: 4.0141 | L40: =+$G$18 -> 3000 | M40: =L40*K40 -> 12042.3 | O40: =M40-I40 -> 219.6 | P40: =IF(OR(I40=0,M40=0),"",(O40/I40)) -> 0.018574437
B41: Retail Transmission Rate - Line and Transformation Connection Service Rate | D41: per kW | G41: 3.4502 | H41: =+$G$18 -> 3000 | I41: =H41*G41 -> 10350.6 | K41: 3.5018 | L41: =+$G$18 -> 3000 | M41: =L41*K41 -> 10505.4 | O41: =M41-I41 -> 154.8 | P41: =IF(OR(I41=0,M41=0),"",(O41/I41)) -> 0.014955655
B42: Sub-Total C - Delivery (including Sub-Total B) | I42: =SUM(I39:I41) -> 197137.76 | M42: =SUM(M39:M41) -> 192660.51 | O42: =M42-I42 -> -4477.25 | P42: =IF(OR(I42=0,M42=0),"",(O42/I42)) -> -0.022711276
B43: Wholesale Market Service Charge (WMSC) | D43: per kWh | G43: 0.0041 | H43: =+$G$20*(1+G66) -> 993467.5 | I43: =H43*G43 -> 4073.2168 | K43: 0.0041 | L43: =+$G$20*(1+K66) -> 993467.5 | M43: =L43*K43 -> 4073.2168 | O43: =M43-I43 -> 0 | P43: =IF(OR(I43=0,M43=0),"",(O43/I43)) -> 0
B44: Rural and Remote Rate Protection (RRRP) | D44: per kWh | G44: 0.0006 | H44: =+H43 -> 993467.5 | I44: =H44*G44 -> 596.0805 | K44: 0.0006 | L44: =+L43 -> 993467.5 | M44: =L44*K44 -> 596.0805 | O44: =M44-I44 -> 0 | P44: =IF(OR(I44=0,M44=0),"",(O44/I44)) -> 0
B45: Capacity Based Recovery (CBR) - Applicable for Class B Customers | D45: per kWh | G45: 0.0006 | H45: =+H43 -> 993467.5 | I45: =H45*G45 -> 596.0805 | K45: 0.0006 | L45: =+L43 -> 993467.5 | M45: =L45*K45 -> 596.0805 | O45: =M45-I45 -> 0 | P45: =IF(OR(I45=0,M45=0),"",(O45/I45)) -> 0
B46: Standard Supply Service Charge | D46: per 30 days | G46: 0.25 | H46: 1 | I46: =H46*G46 -> 0.25 | K46: 0.25 | L46: 1 | M46: =L46*K46 -> 0.25 | O46: =M46-I46 -> 0 | P46: =IF(OR(I46=0,M46=0),"",(O46/I46)) -> 0
B47: TOU - Off Peak | D47: per kWh | G47: 0.098 | H47: =$D$68*$G$20 -> 617600 | I47: =H47*G47 -> 60524.8 | K47: 0.098 | L47: =$D$68*$G$20 -> 617600 | M47: =L47*K47 -> 60524.8 | O47: =M47-I47 -> 0 | P47: =IF(OR(I47=0,M47=0),"",(O47/I47)) -> 0
B48: TOU - Mid Peak | D48: per kWh | G48: 0.157 | H48: =$D$69*$G$20 -> 173700 | I48: =H48*G48 -> 27270.9 | K48: 0.157 | L48: =$D$69*$G$20 -> 173700 | M48: =L48*K48 -> 27270.9 | O48: =M48-I48 -> 0 | P48: =IF(OR(I48=0,M48=0),"",(O48/I48)) -> 0
B49: TOU - On Peak | D49: per kWh | G49: 0.203 | H49: =$D$70*$G$20 -> 173700 | I49: =H49*G49 -> 35261.1 | K49: 0.203 | L49: =$D$70*$G$20 -> 173700 | M49: =L49*K49 -> 35261.1 | O49: =M49-I49 -> 0 | P49: =IF(OR(I49=0,M49=0),"",(O49/I49)) -> 0
B50: Energy - RPP - Tier 1 | D50: per kWh | G50: 0.12 | H50: =IF(AND($N$1=1, $G$20>=750), 750, IF(AND($N$1=1, AND($G$20<750, $G$20>=0)), $G$20, IF(AND($N$1=2, $G$20>=750), 750, IF(AND($N$1=2, AND($G$20<750, $G$20>=0)), $G$20)))) -> 750 | I50: =H50*G50 -> 90 | K50: 0.12 | L50: =IF(AND($N$1=1, $G$20>=750), 750, IF(AND($N$1=1, AND($G$20<750, $G$20>=0)), $G$20, IF(AND($N$1=2, $G$20>=750), 750, IF(AND($N$1=2, AND($G$20<750, $G$20>=0)), $G$20)))) -> 750 | M50: =L50*K50 -> 90 | O50: =M50-I50 -> 0 | P50: =IF(OR(I50=0,M50=0),"",(O50/I50)) -> 0
B51: Energy - RPP - Tier 2 | D51: per kWh | G51: 0.142 | H51: =IF(AND($N$1=1, $G$20>=750), $G$20-750, IF(AND($N$1=1, AND($G$20<750, $G$20>=0)), 0, IF(AND($N$1=2, $G$20>=750), $G$20-750, IF(AND($N$1=2, AND($G$20<750, $G$20>=0)), 0)))) -> 964250 | I51: =H51*G51 -> 136923.5 | K51: 0.142 | L51: =IF(AND($N$1=1, $G$20>=750), $G$20-750, IF(AND($N$1=1, AND($G$20<750, $G$20>=0)), 0, IF(AND($N$1=2, $G$20>=750), $G$20-750, IF(AND($N$1=2, AND($G$20<750, $G$20>=0)), 0)))) -> 964250 | M51: =L51*K51 -> 136923.5 | O51: =M51-I51 -> 0 | P51: =IF(OR(I51=0,M51=0),"",(O51/I51)) -> 0
B52: Non-RPP Retailer Avg. Price | D52: per kWh | G52: 0.1197 | H52: 0 | I52: =H52*G52 -> 0 | K52: 0.1197 | L52: 0 | M52: =L52*K52 -> 0 | O52: =M52-I52 -> 0 | P52: =IF(OR(I52=0,M52=0),"",(O52/I52))
B53: Average IESO Wholesale Market Price | D53: per kWh | G53: =G52 -> 0.1197 | H53: =+$G$20 -> 965000 | I53: =H53*G53 -> 115510.5 | K53: =K52 -> 0.1197 | L53: =+$G$20 -> 965000 | M53: =L53*K53 -> 115510.5 | O53: =M53-I53 -> 0 | P53: =IF(OR(I53=0,M53=0),"",(O53/I53)) -> 0
O54: =M54-I54 -> 0 | P54: =IF(OR(I54=0,M54=0),"",(O54/I54))
B55: Total Bill on Average IESO Wholesale Market Price (before Taxes) | I55: =SUM(I42:I46,I53) -> 317913.89 | M55: =SUM(M42:M46,M53) -> 313436.64 | O55: =M55-I55 -> -4477.25 | P55: =IF(OR(I55=0,M55=0),"",(O55/I55)) -> -0.014083216
B56: Ontario Electricity Rebate | G56: -0.235 | K56: -0.235 | O56: =M56-I56 -> 0 | P56: =IF(OR(I56=0,M56=0),"",(O56/I56))
B57: HST | G57: 0.13 | I57: =I55*G57 -> 41328.805 | K57: 0.13 | M57: =M55*K57 -> 40746.763 | O57: =M57-I57 -> -582.0425 | P57: =IF(OR(I57=0,M57=0),"",(O57/I57)) -> -0.014083216
B58: Total Bill on Average IESO Wholesale Market Price (after Tax and Rebate) | I58: =SUM(I55:I57) -> 359242.69 | M58: =SUM(M55:M57) -> 354183.4 | O58: =M58-I58 -> -5059.2925 | P58: =IF(OR(I58=0,M58=0),"",(O58/I58)) -> -0.014083216
O59: =M59-I59 -> 0 | P59: =IF(OR(I59=0,M59=0),"",(O59/I59))
B60: Total Bill on RPP (before Taxes) | I60: =SUM(I42:I46,I50:I51) -> 339416.89 | M60: =SUM(M42:M46,M50:M51) -> 334939.64 | O60: =M60-I60 -> -4477.25 | P60: =IF(OR(I60=0,M60=0),"",(O60/I60)) -> -0.013191005
B61: Ontario Electricity Rebate | G61: -0.235 | K61: -0.235 | O61: =M61-I61 -> 0 | P61: =IF(OR(I61=0,M61=0),"",(O61/I61))
B62: HST | G62: 0.13 | I62: =I60*G62 -> 44124.195 | K62: 0.13 | M62: =M60*K62 -> 43542.153 | O62: =M62-I62 -> -582.0425 | P62: =IF(OR(I62=0,M62=0),"",(O62/I62)) -> -0.013191005
B63: Total Bill on RPP (after Tax and Rebate) | I63: =SUM(I60:I62) -> 383541.08 | M63: =SUM(M60:M62) -> 378481.79 | O63: =M63-I63 -> -5059.2925 | P63: =IF(OR(I63=0,M63=0),"",(O63/I63)) -> -0.013191005
B66: Loss Factor (%) | G66: 0.0295 | K66: 0.0295
D68: 0.64 | E68: TOU - Off Peak
D69: 0.18 | E69: TOU - Mid Peak
D70: 0.18 | E70: TOU - On Peak

Sheet USL
N1: 1 | O1: 1 | U1: 1 | V1: 1 | AB1: 1 | AC1: 1 | AI1: 1 | AJ1: 1
B10: Appendix 2-W
B11: Bill Impacts
B14: Customer Class: | D14: UNMETERED SCATTERED LOAD SERVICE
B16: TOU / non-TOU: | D16: non-TOU | G16: RPP
G17: 1 | H17: Connection
D18: Consumption | G18: 280 | H18: kWh
G20: 2026 OEB-Approved | K20: 2027 Proposed | O20: Impact
D21: Charge Unit | G21: Rate | H21: Volume | I21: Charge | K21: Rate | L21: Volume | M21: Charge | O21: $ Change | P21: % Change
G22: ($) | I22: ($) | K22: ($) | M22: ($)
B23: Service Charge | D23: per 30 days | G23: 8.03 | H23: 1 | I23: =H23*G23 -> 8.03 | K23: 8.32 | L23: 1 | M23: =L23*K23 -> 8.32 | O23: =M23-I23 -> 0.29 | P23: =IF(OR(I23=0,M23=0),"",(O23/I23)) -> 0.03611457
B24: Connection Charge (per connection) | D24: per connection per 30 days | G24: 0.83 | H24: 1 | I24: =H24*G24 -> 0.83 | K24: 0.86 | L24: 1 | M24: =L24*K24 -> 0.86 | O24: =M24-I24 -> 0.03 | P24: =IF(OR(I24=0,M24=0),"",(O24/I24)) -> 0.036144578
B25: Rate Rider for Disposition of Wireline Pole Attachment Revenue - effective until December 31, 2029 | D25: per kWh | G25: 7e-05 | H25: =$G$18 -> 280 | I25: =H25*G25 -> 0.0196 | K25: 7e-05 | L25: =$G$18 -> 280 | M25: =L25*K25 -> 0.0196 | O25: =M25-I25 -> 0 | P25: =IF(OR(I25=0,M25=0),"",(O25/I25)) -> 0
B26: Rate Rider for Disposition of Excess Expansion Deposits - effective until December 31, 2029 | D26: per kWh | G26: -0.00047 | H26: =$G$18 -> 280 | I26: =H26*G26 -> -0.1316 | K26: -0.00047 | L26: =$G$18 -> 280 | M26: =L26*K26 -> -0.1316 | O26: =M26-I26 -> 0 | P26: =IF(OR(I26=0,M26=0),"",(O26/I26)) -> 0
B27: Rate Rider for Disposition of Externally Driven Capital Variance Account - effective until December 31, 2029 | D27: per kWh | G27: 0 | H27: =$G$18 -> 280 | I27: =H27*G27 -> 0 | K27: 0.00035 | L27: =$G$18 -> 280 | M27: =L27*K27 -> 0.098 | O27: =M27-I27 -> 0.098 | P27: =IF(OR(I27=0,M27=0),"",(O27/I27))
B28: Rate Rider for Disposition of Wireless Pole Attachment Revenue - effective until December 31, 2029 | D28: per kWh | G28: -6e-05 | H28: =$G$18 -> 280 | I28: =H28*G28 -> -0.0168 | K28: -6e-05 | L28: =$G$18 -> 280 | M28: =L28*K28 -> -0.0168 | O28: =M28-I28 -> 0 | P28: =IF(OR(I28=0,M28=0),"",(O28/I28)) -> 0
B29: Rate Rider for Disposition of Change in Useful Life of Asset (2025) - effective until December 31, 2026 | D29: per kWh | G29: -0.00298 | H29: =$G$18 -> 280 | I29: =H29*G29 -> -0.8344 | K29: 0 | L29: =$G$18 -> 280 | M29: =L29*K29 -> 0 | O29: =M29-I29 -> 0.8344 | P29: =IF(OR(I29=0,M29=0),"",(O29/I29))
B30: Rate Rider for Disposition of Change in Useful Life of Assets (2025) - effective until December 31, 2028 | D30: per kWh | G30: -0.00072 | H30: =$G$18 -> 280 | I30: =H30*G30 -> -0.2016 | K30: -0.00072 | L30: =$G$18 -> 280 | M30: =L30*K30 -> -0.2016 | O30: =M30-I30 -> 0 | P30: =IF(OR(I30=0,M30=0),"",(O30/I30)) -> 0
B31: Rate Rider for Disposition of Change in Useful Life of Assets (2026) - effective until December 31, 2028 | D31: per kWh | G31: -0.00209 | H31: =$G$18 -> 280 | I31: =H31*G31 -> -0.5852 | K31: -0.00209 | L31: =$G$18 -> 280 | M31: =L31*K31 -> -0.5852 | O31: =M31-I31 -> 0 | P31: =IF(OR(I31=0,M31=0),"",(O31/I31)) -> 0
B32: Rate Rider for Disposition of Revenue Variance Account (2025) - effective until December 31, 2027 - Interim | D32: per kWh | G32: 0 | H32: =$G$18 -> 280 | I32: =H32*G32 -> 0 | K32: -0.00226 | L32: =$G$18 -> 280 | M32: =L32*K32 -> -0.6328 | O32: =M32-I32 -> -0.6328 | P32: =IF(OR(I32=0,M32=0),"",(O32/I32))
B33: Distribution Volumetric Rate | D33: per kWh | G33: 0.1012 | H33: =+$G$18 -> 280 | I33: =H33*G33 -> 28.336 | K33: 0.1048 | L33: =$G$18 -> 280 | M33: =L33*K33 -> 29.344 | O33: =M33-I33 -> 1.008 | P33: =IF(OR(I33=0,M33=0),"",(O33/I33)) -> 0.035573123
B34: Sub-Total A (excluding pass through) | I34: =SUM(I23:I33) -> 35.446 | M34: =SUM(M23:M33) -> 37.0736 | O34: =M34-I34 -> 1.6276 | P34: =IF(OR(I34=0,M34=0),"",(O34/I34)) -> 0.045917734
B35: Line Losses on Cost of Power | D35: per kWh | G35: =G50 -> 0.12 | H35: =$G$18*(1+G61)-$G$18 -> 8.26 | I35: =H35*G35 -> 0.9912 | K35: =K50 -> 0.12 | L35: =$G$18*(1+K61)-$G$18 -> 8.26 | M35: =L35*K35 -> 0.9912 | O35: =M35-I35 -> 0 | P35: =IF(OR(I35=0,M35=0),"",(O35/I35)) -> 0
B36: =+RESIDENTIAL!$B$33 -> Rate Rider for Disposition of Deferral/Variance Accounts - effective until December 31, 2027 | D36: per kWh | G36: 0.00089 | H36: =+$G$18 -> 280 | I36: =H36*G36 -> 0.2492 | K36: -0.00103 | L36: =+$G$18 -> 280 | M36: =L36*K36 -> -0.2884 | O36: =M36-I36 -> -0.5376 | P36: =IF(OR(I36=0,M36=0),"",(O36/I36)) -> -2.1573034
B37: =+RESIDENTIAL!$B$34 -> Rate Rider for Disposition of Capacity Based Recovery Account - Applicable only for Class B Customers - effective until December 31, 2027 | D37: per kWh | G37: 0.00048 | H37: =+$G$18 -> 280 | I37: =H37*G37 -> 0.1344 | K37: 0.00052 | L37: =+$G$18 -> 280 | M37: =L37*K37 -> 0.1456 | O37: =M37-I37 -> 0.0112 | P37: =IF(OR(I37=0,M37=0),"",(O37/I37)) -> 0.083333333
B38: =+RESIDENTIAL!$B$35 -> Rate Rider for Disposition of Global Adjustment Account - Applicable only for Non-RPP Customers - effective until December 31, 2027 | D38: per kWh | G38: 0.00508 | K38: -0.00594 | O38: =M38-I38 -> 0 | P38: =IF(OR(I38=0,M38=0),"",(O38/I38))
B39: Sub-Total B - Distribution (includes Sub-Total A) | I39: =SUM(I35:I38)+I34 -> 36.8208 | M39: =SUM(M35:M38)+M34 -> 37.922 | O39: =M39-I39 -> 1.1012 | P39: =IF(OR(I39=0,M39=0),"",(O39/I39)) -> 0.029907009
B40: Retail Transmission Rate - Network Service Rate | D40: per kWh | G40: 0.00814 | H40: =$G$18*(1+G61) -> 288.26 | I40: =H40*G40 -> 2.3464364 | K40: 0.00829 | L40: =$G$18*(1+K61) -> 288.26 | M40: =L40*K40 -> 2.3896754 | O40: =M40-I40 -> 0.043239 | P40: =IF(OR(I40=0,M40=0),"",(O40/I40)) -> 0.018427518
B41: Retail Transmission Rate - Line and Transformation Connection Service Rate | D41: per kWh | G41: 0.00566 | H41: =+H40 -> 288.26 | I41: =H41*G41 -> 1.6315516 | K41: 0.00574 | L41: =+L40 -> 288.26 | M41: =L41*K41 -> 1.6546124 | O41: =M41-I41 -> 0.0230608 | P41: =IF(OR(I41=0,M41=0),"",(O41/I41)) -> 0.014134276
B42: Sub-Total C - Delivery (including Sub-Total B) | I42: =SUM(I39:I41) -> 40.798788 | M42: =SUM(M39:M41) -> 41.966288 | O42: =M42-I42 -> 1.1674998 | P42: =IF(OR(I42=0,M42=0),"",(O42/I42)) -> 0.028616041
B43: Wholesale Market Service Charge (WMSC) | D43: per kWh | G43: 0.0041 | H43: =+H40 -> 288.26 | I43: =H43*G43 -> 1.181866 | K43: 0.0041 | L43: =+L40 -> 288.26 | M43: =L43*K43 -> 1.181866 | O43: =M43-I43 -> 0 | P43: =IF(OR(I43=0,M43=0),"",(O43/I43)) -> 0
B44: Rural and Remote Rate Protection (RRRP) | D44: per kWh | G44: 0.0006 | H44: =+H40 -> 288.26 | I44: =H44*G44 -> 0.172956 | K44: 0.0006 | L44: =+L40 -> 288.26 | M44: =L44*K44 -> 0.172956 | O44: =M44-I44 -> 0 | P44: =IF(OR(I44=0,M44=0),"",(O44/I44)) -> 0
B45: Capacity Based Recovery (CBR) - Applicable for Class B Customers | D45: per kWh | G45: 0.0006 | H45: =+H40 -> 288.26 | I45: =H45*G45 -> 0.172956 | K45: 0.0006 | L45: =+L40 -> 288.26 | M45: =L45*K45 -> 0.172956 | O45: =M45-I45 -> 0 | P45: =IF(OR(I45=0,M45=0),"",(O45/I45)) -> 0
B46: Standard Supply Service Charge | D46: per 30 days | G46: 0.25 | H46: 1 | I46: =H46*G46 -> 0.25 | K46: 0.25 | L46: 1 | M46: =L46*K46 -> 0.25 | O46: =M46-I46 -> 0 | P46: =IF(OR(I46=0,M46=0),"",(O46/I46)) -> 0
B47: TOU - Off Peak | D47: per kWh | G47: 0.098 | H47: =$D$63*$G$18 -> 179.2 | I47: =H47*G47 -> 17.5616 | K47: 0.098 | L47: =$D$63*$G$18 -> 179.2 | M47: =L47*K47 -> 17.5616 | O47: =M47-I47 -> 0 | P47: =IF(OR(I47=0,M47=0),"",(O47/I47)) -> 0
B48: TOU - Mid Peak | D48: per kWh | G48: 0.157 | H48: =$D$64*$G$18 -> 50.4 | I48: =H48*G48 -> 7.9128 | K48: 0.157 | L48: =$D$64*$G$18 -> 50.4 | M48: =L48*K48 -> 7.9128 | O48: =M48-I48 -> 0 | P48: =IF(OR(I48=0,M48=0),"",(O48/I48)) -> 0
B49: TOU - On Peak | D49: per kWh | G49: 0.203 | H49: =$D$65*$G$18 -> 50.4 | I49: =H49*G49 -> 10.2312 | K49: 0.203 | L49: =$D$65*$G$18 -> 50.4 | M49: =L49*K49 -> 10.2312 | O49: =M49-I49 -> 0 | P49: =IF(OR(I49=0,M49=0),"",(O49/I49)) -> 0
B50: Energy - RPP - Tier 1 | D50: per kWh | G50: 0.12 | H50: =IF(AND($N$1=1, $G$18>=750), 750, IF(AND($N$1=1, AND($G$18<750, $G$18>=0)), $G$18, IF(AND($N$1=2, $G$18>=750), 750, IF(AND($N$1=2, AND($G$18<750, $G$18>=0)), $G$18)))) -> 280 | I50: =H50*G50 -> 33.6 | K50: 0.12 | L50: =IF(AND($N$1=1, $G$18>=750), 750, IF(AND($N$1=1, AND($G$18<750, $G$18>=0)), $G$18, IF(AND($N$1=2, $G$18>=750), 750, IF(AND($N$1=2, AND($G$18<750, $G$18>=0)), $G$18)))) -> 280 | M50: =L50*K50 -> 33.6 | O50: =M50-I50 -> 0 | P50: =IF(OR(I50=0,M50=0),"",(O50/I50)) -> 0
B51: Energy - RPP - Tier 2 | D51: per kWh | G51: 0.142 | H51: =IF(AND($N$1=1, $G$18>=750), $G$18-750, IF(AND($N$1=1, AND($G$18<750, $G$18>=0)), 0, IF(AND($N$1=2, $G$18>=750), $G$18-750, IF(AND($N$1=2, AND($G$18<750, $G$18>=0)), 0)))) -> 0 | I51: =H51*G51 -> 0 | K51: 0.142 | L51: =IF(AND($N$1=1, $G$18>=750), $G$18-750, IF(AND($N$1=1, AND($G$18<750, $G$18>=0)), 0, IF(AND($N$1=2, $G$18>=750), $G$18-750, IF(AND($N$1=2, AND($G$18<750, $G$18>=0)), 0)))) -> 0 | M51: =L51*K51 -> 0 | O51: =M51-I51 -> 0 | P51: =IF(OR(I51=0,M51=0),"",(O51/I51))
B52: Non-RPP Retailer Avg. Price | D52: per kWh | G52: 0.1197 | H52: 0 | I52: =H52*G52 -> 0 | K52: 0.1197 | L52: 0 | M52: =L52*K52 -> 0 | O52: =M52-I52 -> 0 | P52: =IF(OR(I52=0,M52=0),"",(O52/I52))
B53: Average IESO Wholesale Market Price | D53: per kWh | G53: =G52 -> 0.1197 | H53: 0 | I53: =H53*G53 -> 0 | K53: =K52 -> 0.1197 | L53: 0 | M53: =L53*K53 -> 0 | O53: =M53-I53 -> 0 | P53: =IF(OR(I53=0,M53=0),"",(O53/I53))
O54: =M54-I54 -> 0 | P54: =IF(OR(I54=0,M54=0),"",(O54/I54))
B55: Total Bill on RPP (before Taxes) | I55: =SUM(I42:I46,I50) -> 76.176566 | M55: =SUM(M42:M46,M50) -> 77.344066 | O55: =M55-I55 -> 1.1674998 | P55: =IF(OR(I55=0,M55=0),"",(O55/I55)) -> 0.015326233
B56: Ontario Electricity Rebate | G56: -0.235 | I56: =I55*G56 -> -17.901493 | K56: -0.235 | M56: =M55*K56 -> -18.175855 | O56: =M56-I56 -> -0.27436245 | P56: =IF(OR(I56=0,M56=0),"",(O56/I56)) -> 0.015326233
B57: HST | G57: 0.13 | I57: =I55*G57 -> 9.9029536 | K57: 0.13 | M57: =M55*K57 -> 10.054729 | O57: =M57-I57 -> 0.15177497 | P57: =IF(OR(I57=0,M57=0),"",(O57/I57)) -> 0.015326233
B58: Total Bill on RPP (after Tax and Rebate) | I58: =SUM(I55:I57) -> 68.178027 | M58: =SUM(M55:M57) -> 69.222939 | O58: =M58-I58 -> 1.0449123 | P58: =IF(OR(I58=0,M58=0),"",(O58/I58)) -> 0.015326233
B61: Loss Factor (%) | G61: 0.0295 | K61: 0.0295
D63: 0.64 | E63: TOU - Off Peak
D64: 0.18 | E64: TOU - Mid Peak
D65: 0.18 | E65: TOU - On Peak
